 Dungeon Crawl Stone Soup version 0.25-a0-589-g1e14c549ee (webtiles) character file.

Game seed: 5179414096782143310, levelgen mode: deterministic

941196 MisterFreud the Slayer (level 27, -3/282 HPs)
             Began as a Gnoll Fighter on Mar 10, 2020.
             Was the Champion of Ashenzari.
             Killed from afar by Iddoa the pandemonium lord (64 damage)
             ... with a great icy blast
             ... in Pandemonium on Mar 11, 2020.
             The game lasted 06:24:54 (86253 turns).

MisterFreud the Slayer (Gnoll Fighter)             Turns: 86253, Time: 06:24:56

Health: -3/282     AC: 41    Str: 19      XL:     27
Magic:  33/42      EV: 26    Int: 23 (25) God:    Ashenzari [******]
Gold:   8172       SH: 22    Dex: 14      Spells: 9/67 levels left

rFire    . . .     SeeInvis +   S - +9 sacred scourge (holy) (curse)
rCold    . . .     Gourm    .   T - +5 kite shield {AC+3} (curse)
rNeg     + + .     Faith    .   (armour currently unavailable)
rPois    ∞         Spirit   .   y - +2 helmet {Int+3}
rElec    +         Reflect  .   e - +2 cloak {MR+}
rCorr    +         Harm     .   (gloves currently unavailable)
MR       +++++     Clarity  +   (boots currently unavailable)
Stlth    +++++++...             R - amulet of the Four Winds {rN+ MR+++ Clar} (curse)
HPRegen  0.97/turn              I - ring of wizardry (curse)
MPRegen  0.28/turn              j - ring of resist corrosion (curse)

@: about to teleport, statue-form, aura of abjuration, very slightly
contaminated, studying 4 skills, lightly drained, deflect missiles, very slow
A: distributed training, fangs 1, hooves 1, clumsy 1, deterioration 1, frail 1,
low mp 1, mutation resistance 1, sense surroundings 1, regeneration 1, screaming
1, sturdy frame 1, strong nose
}: 9/15 runes: decaying, serpentine, slimy, silver, abyssal, glowing, magical,
fiery, dark
a: End Transformation, Curse Item, Scrying, Renounce Religion


You were in Pandemonium.
You worshipped Ashenzari.
Ashenzari was exalted by your worship.
You were not hungry.
You were a stone statue.
You visited 10 branches of the dungeon, and saw 52 of its levels.
You visited Pandemonium 2 times, and saw 80 of its levels.
You visited the Abyss 2 times.

You collected 11860 gold pieces.
You spent 3688 gold pieces at shops.

Inventory:

Hand Weapons
 g - a +2 demon trident of electrocution
 M - a +9 vampiric demon whip
 S - a cursed +9 sacred scourge of holy wrath (weapon)
Missiles
 Y - 24 silver javelins (quivered)
Armour
 e - a +2 cloak of magic resistance (worn)
 k - the +1 pair of boots "Voehem" (melded) {rElec Str-4 Dex+7}
   (You bought it in a shop on level 2 of the Orcish Mines)

   It affects your strength (-4).
   It affects your dexterity (+7).
   It insulates you from electricity.
 m - the +5 robe of Night (melded) {Dark MR+ SInv}
   (You found it on level 6 of the Lair of Beasts)

   It affects your resistance to hostile enchantments.
   It lets you see invisible.
 y - a +2 helmet of intelligence (worn)
 Q - a +0 pair of gloves (melded)
 T - a cursed +5 kite shield of protection (worn)
Jewellery
 j - a cursed ring of resist corrosion (right hand)
 I - a cursed ring of wizardry (left hand)
 R - the cursed amulet of the Four Winds (around neck) {rN+ MR+++ Clar}
   (You bought it in a shop on level 2 of the Elven Halls)

   [amulet of nothing]

   It protects you from negative energy.
   It affects your resistance to hostile enchantments.
   It protects you against confusion.
   It has a curse placed upon it.
Wands
 a - a wand of iceblast (39)
 c - a wand of paralysis (25)
 p - a wand of enslavement (21)
 E - a wand of digging (19)
 U - a wand of acid (31)
 Z - a wand of clouds (13)
Scrolls
 h - 19 scrolls of teleportation
 i - 37 scrolls of identify
 l - 18 scrolls of remove curse
 n - 13 scrolls of amnesia
 o - 4 scrolls of holy word
 u - 7 scrolls of fog
 w - 11 scrolls of enchant armour
 L - 5 scrolls of magic mapping
 O - 9 scrolls of fear
 P - 7 scrolls of blinking
Potions
 q - 9 potions of brilliance
 s - 8 potions of magic
 v - 5 potions of haste
 x - 5 potions of resistance
 A - a potion of mutation
 C - 2 potions of might
 D - 19 potions of curing
 F - 2 potions of cancellation
 G - 10 potions of heal wounds
 H - 5 potions of ambrosia
 K - 6 potions of berserk rage
Books
 r - a manual of Air Magic
 t - a manual of Throwing
 J - a manual of Fighting
 W - a manual of Polearms
Miscellaneous
 b - a fan of gales
 d - a sack of spiders
 B - a phial of floods
 N - 4 boxes of beasts
 V - 3 phantom mirrors
 X - a lamp of fire
Comestibles
 f - 52 rations
 z - 10 chunks of flesh


   Skills:
 + Level 25.1(24.8) Fighting
 + Level 20.9(20.6) Short Blades
 + Level 20.5(20.3) Long Blades
 + Level 20.5(20.3) Axes
 + Level 20.5(23.7) Maces & Flails
 + Level 23.0(22.8) Polearms
 + Level 20.5(20.3) Staves
 + Level 20.5(20.3) Slings
 + Level 20.5(20.3) Bows
 + Level 20.5(20.3) Crossbows
 + Level 23.0(22.8) Throwing
 + Level 21.1(20.9) Armour
 + Level 20.5(20.3) Dodging
 + Level 20.5(20.3) Stealth
 + Level 21.1(23.0) Shields
 + Level 20.5(20.3) Unarmed Combat
 + Level 20.5(20.3) Spellcasting
 + Level 17.8(21.2) Conjurations
 + Level 17.8(21.2) Hexes
 + Level 17.8(21.2) Charms
 + Level 17.8(21.2) Summonings
 + Level 17.8(21.2) Necromancy
 + Level 17.8(21.2) Translocations
 + Level 17.8(21.2) Transmutations
 + Level 17.8(21.2) Fire Magic
 + Level 17.8(21.2) Ice Magic
 + Level 20.8(24.0) Air Magic
 + Level 17.8(21.2) Earth Magic
 + Level 17.8(21.2) Poison Magic
 + Level 22.0(21.7) Invocations
 + Level 20.5(23.7) Evocations


You had 9 spell levels left.
You knew the following spells:

 Your Spells              Type           Power        Failure   Level  Hunger
a - Statue Form           Tmut/Erth      #######..    1%          6    ###....
b - Apportation           Tloc           ######       0%          1    None
c - Irradiate             Conj/Tmut      #######...   0%          5    None
d - Lesser Beckoning      Tloc           #######...   0%          3    None
e - Passwall              Tmut/Erth      #######.     0%          2    None
f - Deflect Missiles      Chrm/Air       #######...   1%          6    ###....
g - Shatter               Erth           #######...   13%         9    #######
h - Controlled Blink      Tloc           N/A          1%          8    ######.
i - Spellforged Servitor  Conj/Summ      #######...   1%          7    #####..
j - Aura of Abjuration    Summ           #######...   0%          5    None
k - Iron Shot             Conj/Erth      #######...   1%          6    ###....

Your spell library contained the following spells:

 Spells                   Type           Power        Failure   Level  Hunger
 Animate Skeleton         Necr           N/A          0%          1    None
 Beastly Appendage        Tmut           ######       0%          1    None
 Corona                   Hex            #######      0%          1    None
 Foxfire                  Conj/Fire      ####         0%          1    None
 Freeze                   Ice            ####         0%          1    None
 Magic Dart               Conj           ####         0%          1    None
 Pain                     Necr           ####         0%          1    None
 Sandblast                Erth           ######       0%          1    None
 Shock                    Conj/Air       ####         0%          1    None
 Sting                    Tmut/Pois      ####         0%          1    None
 Summon Butterflies       Summ           #######.     0%          1    None
 Summon Small Mammal      Summ           ####         0%          1    None
 Blink                    Tloc           N/A          0%          2    None
 Call Imp                 Summ           #######.     0%          2    None
 Ensorcelled Hibernation  Hex/Ice        ######       0%          2    None
 Poisonous Vapours        Pois/Air       ######       0%          2    None
 Searing Ray              Conj           ######       0%          2    None
 Shroud of Golubria       Chrm/Tloc      ######       0%          2    None
 Slow                     Hex            #######.     0%          2    None
 Song of Slaying          Chrm           #######.     0%          2    None
 Sticks to Snakes         Tmut           #######.     0%          2    None
 Sublimation of Blood     Necr           #######...   0%          2    None
 Swiftness                Chrm/Air       #######.     0%          2    None
 Call Canine Familiar     Summ           #######.     0%          3    None
 Confusing Touch          Hex            #######.     0%          3    None
 Conjure Flame            Conj/Fire      #######.     0%          3    None
 Dazzling Flash           Conj/Hex       ######       0%          3    None
 Frozen Ramparts          Ice            ######       0%          3    None
 Gell's Gravitas          Tloc           #######...   0%          3    None
 Ignite Poison            Fire/Tmut/Pois #######.     0%          3    None
 Inner Flame              Hex/Fire       #######.     0%          3    None
 Mephitic Cloud           Conj/Pois/Air  #######.     0%          3    None
 Ozocubu's Armour         Chrm/Ice       #######.     0%          3    None
 Portal Projectile        Hex/Tloc       ######       0%          3    None
 Recall                   Summ/Tloc      N/A          0%          3    None
 Spider Form              Tmut/Pois      #######...   0%          3    None
 Static Discharge         Conj/Air       #######.     0%          3    None
 Stone Arrow              Conj/Erth      ######       0%          3    None
 Summon Guardian Golem    Hex/Summ       #######.     0%          3    None
 Teleport Other           Tloc           #######.     0%          3    None
 Tukima's Dance           Hex            #######.     0%          3    None
 Vampiric Draining        Necr           #######...   0%          3    None
 Airstrike                Air            #######...   0%          4    None
 Animate Dead             Necr           N/A          0%          4    None
 Cause Fear               Hex            #######...   0%          4    None
 Fulminant Prism          Conj/Hex       #######...   0%          4    None
 Hailstorm                Conj/Ice       #######.     0%          4    None
 Ice Form                 Ice/Tmut       #######.     0%          4    None
 Iskenderun's Mystic Bla  Conj/Tloc      #######.     0%          4    None
 Leda's Liquefaction      Hex/Erth       #######...   0%          4    None
 Olgreb's Toxic Radiance  Pois           #######.     0%          4    None
 Passage of Golubria      Tloc           N/A          0%          4    None
 Petrify                  Tmut/Erth      #######.     0%          4    None
 Sticky Flame             Conj/Fire      #######.     0%          4    None
 Summon Ice Beast         Ice/Summ       #######.     0%          4    None
 Summon Lightning Spire   Summ/Air       #######.     0%          4    None
 Alistair's Intoxication  Tmut/Pois      #######.     0%          5    None
 Blade Hands              Tmut           #######...   0%          5    None
 Bolt of Magma            Conj/Fire/Erth #######...   0%          5    None
 Borgnjor's Vile Clutch   Necr/Erth      #######...   0%          5    None
 Excruciating Wounds      Chrm/Necr      #######...   0%          5    None
 Fireball                 Conj/Fire      #######...   0%          5    None
 Iskenderun's Battlesphe  Conj/Chrm      #######.     0%          5    None
 Lee's Rapid Deconstruct  Erth           #######...   0%          5    None
 Lightning Bolt           Conj/Air       #######...   0%          5    None
 Metabolic Englaciation   Hex/Ice        #######...   0%          5    None
 Silence                  Hex/Air        #######...   0%          5    None
 Summon Demon             Summ           #######...   0%          5    None
 Summon Forest            Summ/Tloc      #######...   0%          5    None
 Summon Mana Viper        Hex/Summ       #######.     0%          5    None
 Yara's Violent Unravell  Hex/Tmut       #######...   0%          5    None
 Conjure Ball Lightning   Conj/Air       #######...   1%          6    ###....
 Darkness                 Hex            #######...   1%          6    ###....
 Dispersal                Tloc           #######...   1%          6    ###....
 Eringya's Noxious Bog    Tmut/Pois      #######...   1%          6    ###....
 Freezing Cloud           Conj/Ice/Air   #######...   1%          6    ###....
 Hydra Form               Tmut           #######...   1%          6    ###....
 Invisibility             Hex            #######.     1%          6    ###....
 Ozocubu's Refrigeration  Ice            #######...   1%          6    ###....
 Shadow Creatures         Summ           N/A          1%          6    ###....
 Simulacrum               Ice/Necr       #######...   1%          6    ###....
 Starburst                Conj/Fire      #######...   1%          6    ###....
 Orb of Destruction       Conj           #######...   1%          7    #####..
 Ring of Flames           Chrm/Fire      #######...   1%          7    #####..
 Summon Hydra             Summ           #######...   1%          7    #####..
 Death's Door             Chrm/Necr      #######...   1%          8    ######.
 Discord                  Hex            #######...   1%          8    ######.
 Disjunction              Tloc           #######...   1%          8    ######.
 Ignition                 Fire           #######...   1%          8    ######.
 Tornado                  Air            #######...   4%          9    #######


Dungeon Overview and Level Annotations

Branches:
Dungeon (15/15)            Temple (0/1) D:4            Lair (6/6) D:11
  Swamp (4/4) Lair:2        Snake (4/4) Lair:3        Slime (5/5) Lair:5
    Orc (2/2) D:9             Elf (3/3) Orc:2        Vaults (5/5) D:14
  Crypt (3/3) Vaults:3       Tomb (0/3) Crypt:3      Depths (5/5) D:15
    Zot (0/5) Depths:5

Altars:
Ashenzari
Fedhas
Hepliaklqana
Kikubaaqudgha
Qazlal
Ru
Vehumet
Yredelemnul
Zin
Beogh
Jiyva

Shops:
D:5 [   D:7 !   D:12 :   Orc:2 (:*([   Elf:2 =   Vaults:1 **:%   Vaults:2 (
Vaults:3 [   Vaults:4 (*   Vaults:5 %   Depths:2 }   Depths:4 *

Portals:
Hell: Depths:1 Depths:2 Depths:3 Depths:4 Depths:5
Abyss: D:15 Depths:4 Depths:5
Pandemonium: Depths:1 Depths:3 Depths:5
Ziggurat: Depths:2

Annotations:
Lair:5 exclusion: 2 oklob plants
Swamp:2 Roxanne
Swamp:4 exclusion: 2 oklob plants
Elf:1 6 runed translucent doors
Vaults:1 8 runed translucent doors, Pofumik's ghost, veteran MiFi
Depths:5 3 runed translucent doors, Nedwecyt's ghost, journeyman DsAs
Pan 3 runed translucent doors


Innate Abilities, Weirdness & Mutations

Your experience applies equally to all skills.
You have very sharp teeth.
Your uncanny sense of smell can sniff out nearby items.
You have large cloven feet.
((You are partially covered in icy blue scales. (AC +2)))
((You are partially covered in molten scales. (AC +2)))
You are clumsy. (Dex -2)
Your body sometimes deteriorates upon taking damage.
You are frail. (-10% HP)
Your magical capacity is low. (-10% MP)
You are somewhat resistant to further mutation.
You passively map a small area around you.
Your natural rate of healing is unusually fast.
You occasionally shout uncontrollably at your foes.
Your movements are slightly less encumbered by armour. (ER -2)


Message History

The lorocyproca completely misses you. You block the neqoxec's attack.
The infernal black sun hits you but does no damage.
Unknown command.
Casting: Aura of Abjuration (safe; 0% risk of failure)
Confirm with . or Enter, or press ? or * to list all spells.
You turn into a living statue of rough stone.
Your +0 pair of gloves melds into your body.
The +1 pair of boots "Voehem" {rElec Str-4 Dex+7} melds into your body.
The +5 robe of Night {Dark MR+ SInv} melds into your body.
The light returns to your surroundings. You block the lorocyproca's attack.
The neqoxec closely misses you.
Iddoa sneers, "Out, out, thou qualling motley-minded tiler!"
The infernal black sun misses you.
Unknown command.
Iddoa gestures at you.
Iddoa conjures a mighty blast of ice!
The great icy blast engulfs the lorocyproca!!!
The lorocyproca partially resists.
The lorocyproca is flash-frozen.
The great icy blast engulfs you!!!
You die...

, *
*#.!..#.#...#.....*#....... *
#................ #.......
#.........#......*#....... *
#.........#.#... ##.....# ,*
* ##..........##..., #.....#
,
,,.................**,##.##..
,* ..##.###....###..* *
##,*.# ***. *#.#.##'###∩*.#*
, , * #.##'...8+##.,* , ** *,
#..#.#++#2#.,,,,, , * ,** * *
#..#.+..'§+3..... *, , , ,* *
* #..+.+.6'&#......* , ,,,,
** * *#...#.#§'#○#...... * *
#....##'...§+# ..... ,,* ,
#.##.#|###+##∆*.....,** * **
.,*# ###.6{{#**,..$. , , , **
*, ........ ,.... ,,,


You could see Iddoa, a lorocyproca (invisible) and a sun demon.

Vanquished Creatures
  the Royal Jelly (Slime:5)
  Gloorx Vloq (Pan)
  Mnoleg (Pan)
  Mara (Vaults:5)
  3 ancient liches (Vaults:5)
  Mennas (Vaults:2)
  A juggernaut (Depths:1)
  16 pandemonium lords (Pan)
  A greater mummy (Crypt:3)
  Sojobo (Vaults:1)
  Margery (Depths:4)
  Bai Suzhen (Vaults:2)
  Saint Roka (Crypt:3)
  Xtahua (Depths:5)
  4 caustic shrikes
  Nikola (Snake:1)
  5 golden dragons
  2 profane servitors
  10 Tzitzimimeh (Pan)
  2 bone dragons (Abyss:2)
  9 Brimstone Fiends (Pan)
  14 tentacled monstrosities
  Jorgrun (D:12)
  Rupert (Orc:2)
  4 titans
  6 Hell Sentinels (Pan)
  2 deep elf blademasters
  7 Ice Fiends (Pan)
  A quicksilver dragon (Abyss:2)
  13 acid blobs
  A deep elf master archer (Elf:3)
  4 tentacled starspawn
  Gastronok (Lair:1)
  5 sphinxes
  4 ancient champions
  7 shadow dragons
  Agnes (Vaults:1)
  36 Executioners (Pan)
  5 thorn hunters
  3 tengu reavers
  5 storm dragons
  6 revenants
  6 nagarajas
  7 azure jellies
  4 daevas (Pan)
  9 frost giants
  19 warmongers (Pan)
  11 deep elf sorcerers
  The ghost of Awam Ung the Severer, a journeyman DDFi of Makhleb (D:15)
  19 fire giants
  2 ghost moths (shapeshifter)
  39 balrugs
  29 cacodemons
  3 curse skulls
  3 deep elf elementalists
  14 vault wardens
  A draconian shifter (Depths:5)
  6 ghouls
  26 reapers
  13 ironheart preservers
  An entropy weaver (Vaults:4)
  2 war gargoyles (Vaults:5)
  A spriggan defender (Depths:3)
  An ophan (Pan)
  15 corrupters (Pan)
  8 very ugly things
  16 blood saints (Pan)
  10 stone giants
  14 black suns (Pan)
  10 vampire knights
  A black draconian (Abyss:2)
  4 deep elf demonologists
  A white draconian (Depths:5)
  A green draconian (Depths:5)
  8 deep elf annihilators
  10 lorocyprocas
  7 dire elephants (Abyss:3)
  A red draconian (Depths:5)
  A merfolk javelineer (Depths:4)
  2 spark wasps
  7 deep elf death magi
  18 ettins
  Snorg (D:14)
  39 blizzard demons
  6 eidola
  2 mummy priests (Crypt:3)
  20 green deaths (Pan)
  13 yaktaur captains
  10 deep elf high priests
  6 death oozes
  16 fire dragons
  8 jiangshi
  5 rakshasas
  9 ogre magi
  9 great orbs of eyes
  9 ice dragons
  4 hell beasts (Pan)
  33 vault guards
  14 naga warriors
  10 hydras
  2 spriggan air magi
  33 monstrous demonspawn
  2 shambling mangroves
  A ghost crab (Swamp:3)
  13 centaur warriors
  8 anacondas
  4 death knights
  Erica (Lair:1)
  A merfolk avatar (Lair:6)
  12 alligators
  26 two-headed ogres
  3 death yaks (D:11)
  25 dancing weapons
  7 vampire magi
  7 deep troll shamans
  A queen ant (D:11)
  6 tengu warriors
  10 deep troll earth magi
  2 hell hogs (Pan)
  An orc high priest (Orc:2)
  4 thrashing horrors (Abyss:2)
  7 spriggan berserkers
  Nergalle (D:10)
  12 naga sharpshooters
  93 sun demons
  16 deep elf knights
  6 shock serpents
  64 soul eaters (Pan)
  A titan skeleton (Abyss:2)
  6 iron trolls
  7 wretched stars
  2 sea snakes (Snake:3)
  35 sixfirhies
  2 hell knights (Depths:4)
  3 salamander mystics
  A spatial maelstrom (Abyss:3)
  A death drake (shapeshifter) (Vaults:5)
  8 skeletal warriors
  7 shadow wraiths
  A cherub (Pan)
  An iron troll (shapeshifter) (Vaults:5)
  An anaconda zombie (Abyss:2)
  2 storm dragon skeletons
  9 flayed ghosts
  4 unseen horrors
  5 glowing orange brains
  3 wizards
  23 gelid demonspawn (Pan)
  16 deep trolls
  9 swamp dragons
  A sea snake (shapeshifter) (Vaults:3)
  25 torturous demonspawn (Pan)
  7 shadow demons (Pan)
  Pikel (D:8)
  4 naga ritualists
  8 spectral hydras
  3 spriggan druids
  26 starcursed masses
  22 infernal demonspawn (Pan)
  11 phantasmal warriors
  7 necromancers
  5 harpies
  55 large abominations
  A mana viper (shapeshifter) (Depths:3)
  A wolf spider zombie (D:14)
  13 ironbrand convokers
  18 deep elf archers
  4 wolf spiders
  9 mana vipers
  8 shining eyes
  59 deep elf magi
  15 orc knights
  6 orc sorcerers
  6 salamanders
  2 worldbinders (D:15)
  28 ugly things
  4 manticores
  An iron dragon skeleton (Abyss:2)
  2 cyclopes (shapeshifter) (Vaults:5)
  7 cyclopes
  7 rust devils
  17 elephants
  32 black mambas
  4 eyes of devastation
  An elephant (shapeshifter) (Vaults:1)
  An alligator snapping turtle zombie (Crypt:2)
  12 vault sentinels
  A guardian serpent (shapeshifter) (Vaults:5)
  21 naga magi
  53 smoke demons
  4 gargoyles
  3 guardian serpents
  41 orange demons
  A shock serpent skeleton (Crypt:2)
  2 water nymphs (shapeshifter)
  2 apocalypse crabs
  A red draconian zombie (Crypt:2)
  A storm dragon simulacrum (Crypt:1)
  6 komodo dragons
  11 spiny frogs
  A komodo dragon (shapeshifter) (D:13)
  23 tormentors (Pan)
  A torpor snail (Lair:5)
  27 hellions (Pan)
  64 yaktaurs
  A grey draconian skeleton (Crypt:2)
  7 rime drakes
  6 efreet
  3 swamp worm zombies (Swamp:3)
  11 ice devils
  14 freezing wraiths
  5 kobold demonologists
  21 demonic crawlers (Pan)
  22 guardian mummies (Crypt:3)
  3 ancient zymes (Abyss:2)
  55 red devils (Pan)
  3 tengu conjurers
  27 hellwings
  A harpy zombie (D:15)
  The ghost of robby the Chopper, an amateur MiBe of Trog (D:4)
  A death drake zombie (Swamp:4)
  14 trolls
  2 hydra zombies (Swamp:4)
  A meliai (D:13)
  A troll (shapeshifter) (D:13)
  A wind drake (Lair:6)
  A merfolk (shapeshifter) (Elf:1)
  6 polar bears
  11 hornets
  Grinder (D:6)
  2 hydra skeletons (Swamp:4)
  8 tyrant leeches
  A hornet (shapeshifter) (D:15)
  100 slime creatures
  A spectral swamp dragon (Swamp:3)
  17 bog bodies
  6 dream sheep (Lair:5)
  A slime creature (shapeshifter) (Depths:3)
  3 alligator zombies (Swamp:3)
  3 meliai zombies
  6 raiju (Abyss:2)
  12 blink frogs
  5 air elementals
  10 hippogriffs
  A stone giant simulacrum (Vaults:1)
  9 flying skulls
  4 shadows
  A tarantella (shapeshifter) (Depths:2)
  A tyrant leech zombie (Swamp:3)
  5 wyverns
  A yak (shapeshifter) (Depths:5)
  4 water elementals
  11 wraiths
  28 yaks
  Eustachio (D:4)
  2 vampires
  74 ynoxinuls
  17 ushabtiu (Crypt:3)
  3 fire elementals
  7 spriggans
  A basilisk (D:13)
  6 golden eyes
  2 fire bats (Pan)
  A hog (shapeshifter) (Vaults:2)
  A hungry ghost (Abyss:2)
  A yaktaur simulacrum (Vaults:5)
  12 vampire mosquitoes
  45 chaos spawn
  36 nagas
  A steam dragon (Lair:4)
  A two-headed ogre zombie (Crypt:3)
  30 neqoxecs
  7 swamp worms
  7 wargs
  A harpy simulacrum (D:14)
  18 soldier ants (D:11)
  2 hydra simulacra (Swamp:4)
  2 spatial vortices (Abyss:3)
  4 insubstantial wisps (Swamp:4)
  2 floating eyes
  11 water moccasins
  2 acid dragons
  A merfolk skeleton (Pan)
  8 porcupines
  8 swamp drakes
  An infernal demonspawn skeleton (Crypt:3)
  A monstrous demonspawn skeleton (Crypt:3)
  2 spiny frog zombies
  A porcupine (shapeshifter) (Vaults:5)
  47 orc warriors
  11 sky beasts
  2 swamp dragon zombies (Swamp:4)
  6 ice beasts
  2 phantoms
  A black bear (D:11)
  An elf zombie (Vaults:2)
  An ice beast (shapeshifter) (Elf:3)
  7 necrophages
  4 boggarts (Vaults:1)
  32 ogres
  An alligator simulacrum (Crypt:1)
  12 eyes of draining
  8 centaurs
  A dream sheep zombie (Crypt:1)
  A human skeleton (Vaults:5)
  2 swamp dragon skeletons
  10 crocodiles
  2 big kobolds
  10 small abominations (Abyss:2)
  A yaktaur zombie (Crypt:2)
  An octopode zombie (Crypt:1)
  17 bullfrogs
  An earth elemental (Elf:2)
  2 gnoll sergeants (D:9)
  4 human simulacra
  A wyvern zombie (D:11)
  A water moccasin skeleton (Crypt:1)
  6 scorpions
  2 spriggan zombies (Swamp:3)
  2 troll zombies (Swamp:3)
  An elf simulacrum (Vaults:2)
  A polar bear skeleton (Crypt:1)
  17 wights
  4 howler monkeys
  10 crimson imps
  3 lava snakes (Snake:2)
  3 centaur skeletons
  12 hounds
  2 quasits (Abyss:2)
  A bullfrog zombie (D:12)
  A centaur zombie (D:9)
  An iron imp (Abyss:2)
  3 jellies
  24 orc priests
  A hound (shapeshifter) (Depths:3)
  29 orc wizards
  A gnoll shaman (D:9)
  3 bullfrog skeletons
  4 iguanas
  25 worker ants
  An ogre skeleton (Crypt:1)
  2 hound skeletons
  A hound zombie (D:6)
  6 mummies (Crypt:3)
  A howler monkey zombie (D:11)
  17 adders
  14 gnolls
  A howler monkey skeleton (Crypt:3)
  A river rat (D:11)
  A swamp drake zombie (Crypt:2)
  9 shadow imps
  2 white imps (Abyss:2)
  3 ufetubi (Abyss:2)
  2 oozes
  2 adder skeletons
  7 worms
  A ball lightning (Pan)
  A barachi skeleton (Crypt:3)
  5 dart slugs
  5 leopard geckos
  109 orcs
  6 bats
  4 giant cockroaches
  12 goblins
  7 hobgoblins
  6 jackals
  24 kobolds
  5 quokkas
  5 frilled lizards
  A frilled lizard zombie (Crypt:3)
  A leopard gecko skeleton (D:7)
  A leopard gecko zombie (D:5)
  An orc skeleton (Crypt:1)
  A quokka zombie (D:8)
  5 rats
  A rat zombie (Crypt:3)
  3 crawling corpses (Elf:3)
  A fungus (Lair:6)
  9 starspawn tentacles
3374 creatures vanquished.

Vanquished Creatures (collateral kills)
  Vashnia (Snake:4)
  A lich (Pan)
  A deep elf master archer (Elf:3)
  Asterion (Vaults:1)
  Frances (Snake:1)
  A thorn hunter (Swamp:1)
  2 nagarajas (Snake:4)
  An orc warlord (Orc:2)
  A frost giant (Depths:4)
  A deep elf sorcerer (Elf:3)
  Aizul (Snake:4)
  A very ugly thing (Swamp:1)
  A deep elf demonologist (Elf:1)
  2 deep elf annihilators (Elf:3)
  A fire dragon (Vaults:3)
  A deep elf death mage (Elf:3)
  2 deep elf high priests
  A great orb of eyes (D:15)
  4 naga warriors (Snake:4)
  A centaur warrior (Vaults:1)
  A spriggan air mage (Pan)
  A ghost crab (Swamp:4)
  4 hydras
  An anaconda (Snake:2)
  A shambling mangrove (Swamp:4)
  An ogre mage (Vaults:1)
  An alligator (Swamp:1)
  3 two-headed ogres
  A tengu warrior (D:15)
  A deep elf knight (Elf:2)
  A hell knight (Depths:4)
  4 naga sharpshooters
  4 skeletal warriors
  A sea snake (Lair:6)
  A deep troll (Vaults:1)
  An infernal demonspawn (Pan)
  A death drake (Swamp:3)
  A swamp dragon (Swamp:2)
  2 naga ritualists
  A necromancer (Depths:4)
  3 deep elf archers (Elf:1)
  A wolf spider zombie (D:15)
  2 orc knights
  An ironbrand convoker (Vaults:1)
  6 ugly things
  7 deep elf magi
  A wolf spider (Vaults:1)
  An orc sorcerer (Elf:1)
  2 manticores (Lair:6)
  2 cyclopes
  3 elephants
  7 naga magi
  5 black mambas
  2 salamanders (Snake:3)
  A guardian serpent (Snake:4)
  A vault sentinel (Vaults:4)
  A guardian serpent (shapeshifter) (D:13)
  4 spiny frogs
  A freezing wraith (D:15)
  4 yaktaurs
  A komodo dragon (Lair:6)
  A guardian mummy (Crypt:3)
  A troll (shapeshifter) (Vaults:1)
  2 tyrant leeches
  A polar bear (Lair:6)
  2 trolls
  11 blink frogs
  6 slime creatures
  2 hornets (Swamp:4)
  7 bog bodies
  A dream sheep (Lair:5)
  A spectral swamp dragon (Swamp:3)
  3 shadows
  A basilisk (Lair:1)
  2 tyrant leech zombies (Swamp:3)
  A wyvern (Lair:6)
  13 yaks
  A chaos spawn (Pan)
  A hungry ghost (D:13)
  A fire elemental (Elf:1)
  5 vampire mosquitoes
  2 soldier ants (D:11)
  A swamp worm (Swamp:4)
  20 nagas
  A large abomination (Swamp:3)
  A spiny frog zombie (Swamp:3)
  4 water moccasins
  12 orc warriors
  2 ogres
  4 necrophages
  2 crocodiles
  2 centaurs
  2 big kobolds (D:13)
  2 bullfrogs
  3 howler monkeys (D:14)
  A crimson imp (D:15)
  2 orc wizards
  5 orc priests
  A worker ant (D:11)
  An adder (Lair:3)
  18 orcs
  A ball python (Lair:3)
  4 kobolds (D:13)
  3 briar patches
  A fungus (Lair:6)
  A plant (Lair:6)
273 creatures vanquished.

Vanquished Creatures (others)
  Frederick (Vaults:1)
  A titan (Pan)
  An eldritch tentacle (Pan)
  A balrug (Pan)
  A deep elf sorcerer (Elf:3)
  2 draconian shifters (Abyss:3)
  A dire elephant (Abyss:3)
  A black draconian (Depths:5)
  A green death (Pan)
  A rakshasa (Pan)
  A hell hog (Pan)
  3 deep elf knights
  2 wizards (Pan)
  2 glowing orange brains (Pan)
  2 torturous demonspawn (Pan)
  A deep elf archer (Elf:2)
  3 deep elf magi
  A necromancer (Swamp:3)
  2 elephants (Abyss:3)
  An orange demon (Pan)
  A smoke demon (Pan)
  2 yaktaurs
  A guardian mummy (Crypt:3)
  A red devil (Pan)
  2 tyrant leeches
  4 slime creatures (Swamp:3)
  2 ynoxinuls (Pan)
  A water elemental (Elf:1)
  A fire bat (Pan)
  A chaos spawn (Pan)
  A neqoxec (Pan)
  A naga (Snake:4)
  A deep troll zombie (Vaults:5)
  2 slaves (D:8)
  A bullfrog (D:8)
  A quasit (Abyss:2)
  2 starcursed masses (Abyss:2)
  A worker ant (D:11)
  An adder (D:8)
  12 ball lightnings (Pan)
  2 orcs
  2 kobolds (D:9)
  A quokka skeleton (D:8)
  A block of ice (Pan)
  2 briar patches (Swamp:4)
  26 fungi
  50 plants
  19 starspawn tentacles
  6 withered plants (Swamp:3)
177 creatures vanquished.

Grand Total: 3824 creatures vanquished

Notes
Turn   | Place    | Note
-------+----------+-------------------------------------------
     0 | D:1      | MisterFreud the Gnoll Fighter began the quest for the Orb.
     0 | D:1      | Reached XP level 1. HP: 23/23 MP: 1/1
    53 | D:1      | Reached XP level 2. HP: 29/29 MP: 2/2
   186 | D:1      | Reached XP level 3. HP: 35/35 MP: 3/3
   530 | D:2      | Reached skill level 1 in Invocations
   848 | D:2      | Reached skill level 1 in Long Blades
   848 | D:2      | Reached skill level 1 in Axes
   848 | D:2      | Reached skill level 1 in Maces & Flails
   848 | D:2      | Reached skill level 1 in Polearms
   848 | D:2      | Reached skill level 1 in Staves
   848 | D:2      | Reached skill level 1 in Slings
   848 | D:2      | Reached skill level 1 in Bows
   848 | D:2      | Reached skill level 1 in Crossbows
   848 | D:2      | Reached skill level 1 in Throwing
   848 | D:2      | Reached skill level 1 in Dodging
   848 | D:2      | Reached skill level 1 in Stealth
   848 | D:2      | Reached skill level 1 in Unarmed Combat
   848 | D:2      | Reached skill level 1 in Spellcasting
   848 | D:2      | Reached skill level 1 in Evocations
   918 | D:2      | Reached XP level 4. HP: 41/41 MP: 5/5
  1166 | D:2      | Found a hazy altar of Hepliaklqana.
  1601 | D:3      | Reached skill level 1 in Conjurations
  1601 | D:3      | Reached skill level 1 in Hexes
  1601 | D:3      | Reached skill level 1 in Charms
  1601 | D:3      | Reached skill level 1 in Summonings
  1601 | D:3      | Reached skill level 1 in Necromancy
  1601 | D:3      | Reached skill level 1 in Translocations
  1601 | D:3      | Reached skill level 1 in Transmutations
  1601 | D:3      | Reached skill level 1 in Fire Magic
  1601 | D:3      | Reached skill level 1 in Ice Magic
  1601 | D:3      | Reached skill level 1 in Air Magic
  1601 | D:3      | Reached skill level 1 in Earth Magic
  1601 | D:3      | Reached skill level 1 in Poison Magic
  1862 | D:3      | Reached XP level 5. HP: 37/47 MP: 6/6
  2492 | D:4      | Noticed an ogre
  2501 | D:4      | Killed an ogre
  2501 | D:4      | Reached XP level 6. HP: 22/53 MP: 8/8
  2700 | D:4      | Found a shattered altar of Ashenzari.
  2738 | D:4      | Became a worshipper of Ashenzari the Shackled
  2790 | D:4      | Found a glowing silver altar of Zin.
  2800 | D:4      | Noticed Eustachio
  2859 | D:4      | Killed Eustachio
  2859 | D:4      | Reached skill level 5 in Short Blades
  2994 | D:4      | Found a basalt altar of Yredelemnul.
  3079 | D:4      | Identified Sif Muna's Disquisition on the Hurtful Escort
  3285 | D:4      | Found a runed translucent door.
  3290 | D:4      | Noticed robby's ghost (amateur MiBe)
  3418 | D:4      | Found a staircase to the Ecumenical Temple.
  3454 | D:5      | Entered Level 5 of the Dungeon
  3461 | D:5      | Reached XP level 7. HP: 59/59 MP: 10/10
  3655 | D:5      | Reached skill level 7 in Fighting
  3656 | D:5      | Found Ysodimn's Antique Armour Boutique.
  3662 | D:5      | Bought a runed helmet for 210 gold pieces
  3875 | D:5      | Reached * piety under Ashenzari
  4301 | D:6      | Reached XP level 8. HP: 32/67 MP: 12/12
  5121 | D:6      | Noticed Grinder
  5121 | D:6      | Paralysed by Grinder for 2 turns
  5130 | D:6      | Paralysed by Grinder for 6 turns
  5158 | D:6      | Paralysed by Grinder for 2 turns
  5163 | D:6      | Killed Grinder
  5580 | D:7      | Reached XP level 9. HP: 72/72 MP: 14/14
  5801 | D:7      | Found Hesm's Distillery.
  5821 | D:7      | Bought a potion of heal wounds for 75 gold pieces
  6079 | D:7      | Reached ** piety under Ashenzari
  6478 | D:7      | Found a stormy altar of Qazlal.
  6674 | D:8      | Reached skill level 8 in Fighting
  6704 | D:8      | Found a sacrificial altar of Ru.
  6933 | D:8      | Noticed Pikel
  6954 | D:8      | Paralysed by Pikel for 3 turns
  6974 | D:8      | Killed Pikel
  6974 | D:8      | Reached skill level 5 in Invocations
  6995 | D:8      | Noticed a two-headed ogre
  7247 | D:4      | Learned a level 4 spell: Summon Lightning Spire
  7251 | D:4      | Learned a level 3 spell: Mephitic Cloud
  7381 | D:8      | Reached XP level 10. HP: 80/80 MP: 17/17
  7882 | D:8      | Killed a two-headed ogre
  7882 | D:8      | Reached skill level 5 in Long Blades
  7882 | D:8      | Reached skill level 5 in Axes
  7882 | D:8      | Reached skill level 5 in Maces & Flails
  7882 | D:8      | Reached skill level 5 in Polearms
  7882 | D:8      | Reached skill level 5 in Staves
  7882 | D:8      | Reached skill level 5 in Slings
  7882 | D:8      | Reached skill level 5 in Bows
  7882 | D:8      | Reached skill level 5 in Crossbows
  7882 | D:8      | Reached skill level 5 in Throwing
  7882 | D:8      | Reached skill level 5 in Dodging
  7882 | D:8      | Reached skill level 5 in Stealth
  7882 | D:8      | Reached skill level 5 in Unarmed Combat
  7882 | D:8      | Reached skill level 5 in Spellcasting
  7882 | D:8      | Reached skill level 5 in Evocations
  8376 | D:9      | Noticed a two-headed ogre
  8399 | D:9      | Killed a two-headed ogre
 10061 | D:9      | Found a staircase to the Orcish Mines.
 10699 | D:9      | Reached XP level 11. HP: 76/87 MP: 15/19
 11437 | D:10     | Entered Level 10 of the Dungeon
 11451 | D:10     | Reached skill level 9 in Fighting
 11508 | D:10     | Reached skill level 5 in Conjurations
 11508 | D:10     | Reached skill level 5 in Hexes
 11508 | D:10     | Reached skill level 5 in Charms
 11508 | D:10     | Reached skill level 5 in Summonings
 11508 | D:10     | Reached skill level 5 in Necromancy
 11508 | D:10     | Reached skill level 5 in Translocations
 11508 | D:10     | Reached skill level 5 in Transmutations
 11508 | D:10     | Reached skill level 5 in Fire Magic
 11508 | D:10     | Reached skill level 5 in Ice Magic
 11508 | D:10     | Reached skill level 5 in Air Magic
 11508 | D:10     | Reached skill level 5 in Earth Magic
 11508 | D:10     | Reached skill level 5 in Poison Magic
 11547 | D:10     | Reached *** piety under Ashenzari
 11661 | D:10     | Noticed Nergalle
 11682 | D:10     | Killed Nergalle
 13001 | D:11     | Noticed a manticore
 13016 | D:11     | Killed a manticore
 13105 | D:11     | Noticed a death yak
 13105 | D:11     | Noticed a death yak
 13107 | D:11     | Found a staircase to the Lair.
 13107 | D:11     | Noticed a death yak
 13862 | D:11     | Noticed a queen ant
 13873 | D:11     | Reached XP level 12. HP: 95/96 MP: 9/22
 13889 | D:11     | Killed a queen ant
 14412 | D:11     | Killed a death yak
 14767 | D:11     | Killed a death yak
 14947 | D:11     | Killed a death yak
 15064 | Lair:1   | Entered Level 1 of the Lair of Beasts
 15065 | Lair:1   | Noticed a five-headed hydra
 15077 | Lair:1   | Killed a five-headed hydra
 15276 | Lair:1   | Noticed Erica
 15293 | Lair:1   | Killed Erica
 15658 | Lair:1   | Noticed a seven-headed hydra
 15668 | Lair:1   | Killed a seven-headed hydra
 16061 | Lair:1   | Reached **** piety under Ashenzari
 16148 | Lair:1   | Noticed a four-headed hydra
 16157 | Lair:1   | Killed a four-headed hydra
 16157 | Lair:1   | Reached skill level 10 in Fighting
 16157 | Lair:1   | Reached skill level 10 in Armour
 16157 | Lair:1   | Reached skill level 10 in Shields
 16359 | Lair:1   | Noticed Gastronok
 16405 | Lair:1   | Killed Gastronok
 16977 | Lair:2   | Reached XP level 13. HP: 87/103 MP: 18/24
 17041 | Lair:2   | Found a staircase to the Swamp.
 17264 | Lair:2   | Identified the +2 ring mail of the Jabberwock {rF+ Int+5
                  | Dex+3}
 18115 | Lair:3   | Found a staircase to the Snake Pit.
 19627 | Lair:4   | Reached ***** piety under Ashenzari
 20131 | Lair:5   | Identified the +3 dagger of the Shining Light {speed,
                  | Stlth+}
 21029 | Lair:5   | Found a staircase to the Slime Pits.
 21166 | Lair:5   | Reached XP level 14. HP: 101/110 MP: 26/26
 21475 | Lair:6   | Entered Level 6 of the Lair of Beasts
 21756 | Lair:6   | Reached skill level 10 in Short Blades
 22400 | Lair:6   | Found the +5 robe of Night {Dark MR+ SInv}
 22422 | Lair:6   | Reached skill level 11 in Fighting
 22806 | Lair:6   | Got the uncursed scale mail of the Unbroken {+Blink rElec
                  | rC- MR+}
 24318 | D:12     | Reached skill level 10 in Invocations
 24338 | D:12     | Noticed Jorgrun
 24374 | D:12     | Killed Jorgrun
 25285 | D:12     | Found a radiant altar of Vehumet.
 25729 | D:12     | Found Xuepul's Book Shop.
 26948 | D:13     | Reached XP level 15. HP: 94/118 MP: 28/28
 27035 | D:13     | Identified the +5 mace "Dihurah" {drain, rN++ MR-}
 27050 | D:13     | Identified the Almanac of Ignition and Lightness
 27192 | D:13     | Reached ****** piety under Ashenzari
 27523 | D:14     | Noticed Snorg
 27690 | D:14     | Identified the +10 great sword of Isoicw {vorpal, rC+}
 27784 | D:14     | Killed Snorg
 29220 | D:14     | Found a gate to the Vaults.
 29615 | D:14     | Reached skill level 10 in Long Blades
 29615 | D:14     | Reached skill level 10 in Axes
 29615 | D:14     | Reached skill level 10 in Maces & Flails
 29615 | D:14     | Reached skill level 10 in Polearms
 29615 | D:14     | Reached skill level 10 in Staves
 29615 | D:14     | Reached skill level 10 in Slings
 29615 | D:14     | Reached skill level 10 in Bows
 29615 | D:14     | Reached skill level 10 in Crossbows
 29615 | D:14     | Reached skill level 10 in Throwing
 29615 | D:14     | Reached skill level 10 in Dodging
 29615 | D:14     | Reached skill level 10 in Stealth
 29615 | D:14     | Reached skill level 10 in Unarmed Combat
 29615 | D:14     | Reached skill level 10 in Spellcasting
 29615 | D:14     | Reached skill level 10 in Evocations
 29687 | D:15     | Entered Level 15 of the Dungeon
 29860 | D:15     | Noticed a profane servitor
 29861 | D:15     | Identified the +6 great sword "Zumurgh Mahy" {distort,
                  | rPois Int+2 Dex-3}
 29870 | D:15     | Found a one-way gate to the infinite horrors of the Abyss.
 29870 | D:15     | Found a transporter.
 29870 | D:15     | Noticed Awam Ung's ghost (journeyman DDFi)
 29906 | D:15     | Found a transporter.
 30020 | D:15     | Paralysed by a great orb of eyes for 7 turns
 30276 | D:15     | Found a staircase to the Depths.
 30819 | Orc:1    | Entered Level 1 of the Orcish Mines
 31200 | Orc:2    | Entered Level 2 of the Orcish Mines
 31243 | Orc:2    | Found a staircase to the Elven Halls.
 31405 | Orc:2    | Reached skill level 12 in Fighting
 31659 | Orc:2    | Reached XP level 16. HP: 118/126 MP: 28/30
 32152 | Orc:2    | Noticed Rupert
 32203 | Orc:2    | Killed Rupert
 32424 | Orc:2    | Found a roughly hewn altar of Beogh.
 32651 | Orc:2    | Found Lepoocougg's Antique Armour Emporium.
 32671 | Orc:2    | Found Eryb's Book Emporium.
 32679 | Orc:2    | Bought a book of the Earth for 715 gold pieces
 32687 | Orc:2    | Found Halliz's General Store.
 32704 | Orc:2    | Found Qittemin's Antique Weapon Emporium.
 32728 | Orc:2    | Bought a runed cloak for 195 gold pieces
 32728 | Orc:2    | Bought a pair of faintly glowing boots for 247 gold pieces
 32738 | Orc:2    | Identified the +1 pair of boots "Voehem" {rElec Str-4
                  | Dex+7} (You bought it in a shop on level 2 of the Orcish
                  | Mines)
 32769 | Orc:2    | Found a roughly hewn altar of Beogh.
 32802 | Orc:2    | Found Deb Vasm's Antique Weapon Shop.
 33508 | Swamp:1  | Entered Level 1 of the Swamp
 33542 | Swamp:1  | Noticed a thorn hunter
 33558 | Swamp:1  | Killed a thorn hunter
 33925 | Lair:2   | Learned a level 5 spell: Irradiate
 33932 | Lair:2   | Learned a level 6 spell: Statue Form
 33935 | Lair:2   | Learned a level 2 spell: Passwall
 34040 | Swamp:1  | Noticed a thorn hunter
 34056 | Swamp:1  | Killed a thorn hunter
 34530 | Swamp:2  | Noticed a thorn hunter
 34542 | Swamp:2  | Killed a thorn hunter
 34979 | Swamp:2  | Learned a level 6 spell: Deflect Missiles
 35027 | Swamp:2  | Identified Roxanne's Incunabulum of Transmigration
 35027 | Swamp:2  | Noticed Roxanne
 38680 | D:4      | Killed robby's ghost
 38840 | Orc:2    | Bought an ebony trident for 178 gold pieces
 38840 | Orc:2    | Identified the +5 trident of Gluttony {freeze, rPois} (You
                  | bought it in a shop on level 2 of the Orcish Mines)
 38865 | Orc:2    | Learned a level 6 spell: Invisibility
 39072 | Snake:1  | Entered Level 1 of the Snake Pit
 39206 | Snake:1  | Noticed Frances
 39225 | Snake:1  | Reached XP level 17. HP: 112/134 MP: 29/32
 39236 | Snake:1  | Killed Frances
 39677 | Snake:1  | Noticed Nikola
 39696 | Snake:1  | Killed Nikola
 40191 | Snake:2  | Found Jepreuze's Antique Weapon Shoppe.
 40583 | Snake:2  | Found a blossoming altar of Fedhas.
 40585 | Snake:2  | Identified the cursed +2 trident "Pakaur" {antimagic,
                  | Str+3}
 40738 | Snake:3  | Reached skill level 13 in Fighting
 41428 | Snake:4  | Entered Level 4 of the Snake Pit
 41472 | Snake:4  | Noticed Vashnia
 41495 | Snake:4  | Killed Vashnia
 41495 | Snake:4  | Reached skill level 10 in Conjurations
 41495 | Snake:4  | Reached skill level 10 in Hexes
 41495 | Snake:4  | Reached skill level 10 in Charms
 41495 | Snake:4  | Reached skill level 10 in Summonings
 41495 | Snake:4  | Reached skill level 10 in Necromancy
 41495 | Snake:4  | Reached skill level 10 in Translocations
 41495 | Snake:4  | Reached skill level 10 in Transmutations
 41495 | Snake:4  | Reached skill level 10 in Fire Magic
 41495 | Snake:4  | Reached skill level 10 in Ice Magic
 41495 | Snake:4  | Reached skill level 10 in Air Magic
 41495 | Snake:4  | Reached skill level 10 in Earth Magic
 41495 | Snake:4  | Reached skill level 10 in Poison Magic
 41498 | Snake:4  | Reached XP level 18. HP: 142/142 MP: 33/33
 42496 | Snake:4  | Noticed Aizul
 42515 | Snake:4  | Killed Aizul
 42817 | Snake:4  | Got a serpentine rune of Zot
 43154 | Swamp:4  | Entered Level 4 of the Swamp
 44176 | Swamp:4  | Reached XP level 19. HP: 89/150 MP: 28/35
 44664 | Swamp:4  | Found a blossoming altar of Fedhas.
 44673 | Swamp:4  | Found a basalt altar of Yredelemnul.
 44685 | Swamp:4  | Got a decaying rune of Zot
 44985 | Vaults:1 | Entered Level 1 of the Vaults
 44985 | Vaults:1 | Found Dacacrex's Book Shoppe.
 45380 | Vaults:1 | Noticed Sojobo
 45380 | Vaults:1 | Noticed Frederick
 45380 | Vaults:1 | Noticed Agnes
 45393 | Vaults:1 | Killed Agnes
 45396 | Vaults:1 | Killed Frederick
 45410 | Vaults:1 | Killed Sojobo
 45676 | Vaults:1 | Noticed Asterion
 45690 | Vaults:1 | Killed Asterion
 45990 | Vaults:1 | Found Ziodi's General Store.
 46017 | Vaults:1 | Found Aprasoiq's Assorted Antiques.
 46036 | Vaults:1 | Bought a scroll of blinking for 127 gold pieces
 46036 | Vaults:1 | Bought a potion of might for 68 gold pieces
 46050 | Vaults:1 | Bought a scroll of fear for 133 gold pieces
 46050 | Vaults:1 | Bought a potion of heal wounds for 190 gold pieces
 46050 | Vaults:1 | Bought a scroll of teleportation for 114 gold pieces
 46225 | Vaults:1 | Found a large runed translucent door.
 46225 | Vaults:1 | Found a large runed translucent door.
 46226 | Vaults:1 | Found a large runed translucent door.
 46226 | Vaults:1 | Found a large runed translucent door.
 46226 | Vaults:1 | Found a large runed translucent door.
 46226 | Vaults:1 | Found a large runed translucent door.
 46226 | Vaults:1 | Found a large runed translucent door.
 46226 | Vaults:1 | Found a large runed translucent door.
 46226 | Vaults:1 | Noticed Pofumik's ghost (veteran MiFi)
 46238 | Vaults:1 | Reached skill level 14 in Fighting
 46418 | Vaults:1 | Found Cumaxet's Food Shop.
 46853 | Vaults:2 | Found Qeevo's Weapon Shop.
 46978 | Vaults:2 | Identified the cursed ring of Divine Compulsion {rElec
                  | rPois rN+ Str-2 Dex-5}
 47273 | Vaults:2 | Noticed Mennas
 47301 | Vaults:2 | Killed Mennas
 47301 | Vaults:2 | Reached XP level 20. HP: 123/158 MP: 35/37
 47714 | Vaults:2 | Noticed Bai Suzhen
 47741 | Vaults:2 | Killed Bai Suzhen
 48343 | Vaults:3 | Found a staircase to the Crypt.
 48343 | Vaults:3 | Found a basalt altar of Yredelemnul.
 48344 | Vaults:3 | Found an ancient bone altar of Kikubaaqudgha.
 48463 | Vaults:3 | Found Nih Mani's Armour Emporium.
 49921 | Vaults:4 | Found Gulicveb's Weapon Emporium.
 49928 | Vaults:4 | Reached XP level 21. HP: 165/165 MP: 38/38
 50163 | Vaults:4 | Found Romog's Assorted Antiques.
 50216 | Vaults:4 | Bought a scroll labeled JEGIACZ QUCLARO for 37 gold pieces
 50216 | Vaults:4 | Bought a bound brass amulet for 185 gold pieces
 50216 | Vaults:4 | Identified the amulet "Yseuskul" {Acrobat Stlth+} (You
                  | bought it in a shop on level 4 of the Vaults)
 50994 | Elf:1    | Entered Level 1 of the Elven Halls
 51940 | Elf:1    | Found a runed translucent gate.
 51940 | Elf:1    | Found a runed translucent gate.
 51940 | Elf:1    | Found a runed translucent gate.
 51940 | Elf:1    | Found a runed translucent gate.
 51940 | Elf:1    | Found a runed translucent gate.
 51942 | Elf:1    | Found a runed translucent gate.
 51948 | Elf:1    | Identified Koshog Goe's Early Guide to Thaumaturgy
 52078 | Elf:1    | Reached skill level 15 in Fighting
 52078 | Elf:1    | Reached skill level 15 in Armour
 52078 | Elf:1    | Reached skill level 15 in Shields
 52487 | Elf:2    | Found Feb Jace's Jewellery Emporium.
 52497 | Elf:2    | Bought the amulet of the Four Winds {rN+ MR+++ Clar} for
                  | 834 gold pieces
 52497 | Elf:2    | Found the amulet of the Four Winds {rN+ MR+++ Clar}
 52672 | Elf:2    | Reached skill level 15 in Invocations
 52880 | Elf:2    | Found a huge runed translucent gate.
 52880 | Elf:2    | Found a huge runed translucent gate.
 52880 | Elf:2    | Found a huge runed translucent gate.
 52881 | Elf:2    | Found a huge runed translucent gate.
 52882 | Elf:2    | Found a huge runed translucent gate.
 53421 | Elf:3    | Entered Level 3 of the Elven Halls
 53799 | Elf:3    | Reached XP level 22. HP: 175/175 MP: 35/40
 54372 | Elf:3    | Identified the +4 dagger of Lies {protect, rElec rC- MR++}
 54396 | Elf:3    | Identified the Papyrus of Aid and Attacks
 54469 | Elf:3    | Identified the Volume of Shifting Ignition
 54475 | Elf:3    | Identified the Almanac of Fetching Venom
 55066 | Depths:1 | Entered Level 1 of the Depths
 55113 | Depths:1 | Noticed a juggernaut
 55126 | Depths:1 | Killed a juggernaut
 55298 | Depths:1 | Found a one-way gate leading to the halls of Pandemonium.
 55311 | Depths:1 | Reached skill level 15 in Short Blades
 55543 | Depths:1 | Found a gateway to Hell.
 56287 | Depths:2 | Found a gateway to a ziggurat.
 56413 | Depths:2 | Found Emehael's Gadget Boutique.
 56592 | Depths:2 | Reached skill level 16 in Fighting
 57117 | Depths:2 | Reached XP level 23. HP: 184/184 MP: 35/41
 58041 | Depths:3 | Noticed a caustic shrike
 58051 | Depths:3 | Killed a caustic shrike
 58370 | Depths:4 | Noticed a golden dragon
 58385 | Depths:4 | Noticed a golden dragon
 58409 | Depths:4 | Killed a golden dragon
 58409 | Depths:4 | Reached skill level 15 in Long Blades
 58409 | Depths:4 | Reached skill level 15 in Axes
 58409 | Depths:4 | Reached skill level 15 in Maces & Flails
 58409 | Depths:4 | Reached skill level 15 in Polearms
 58409 | Depths:4 | Reached skill level 15 in Staves
 58409 | Depths:4 | Reached skill level 15 in Slings
 58409 | Depths:4 | Reached skill level 15 in Bows
 58409 | Depths:4 | Reached skill level 15 in Crossbows
 58409 | Depths:4 | Reached skill level 15 in Throwing
 58409 | Depths:4 | Reached skill level 15 in Dodging
 58409 | Depths:4 | Reached skill level 15 in Stealth
 58409 | Depths:4 | Reached skill level 15 in Unarmed Combat
 58409 | Depths:4 | Reached skill level 15 in Spellcasting
 58409 | Depths:4 | Reached skill level 15 in Evocations
 58752 | Depths:4 | Noticed Margery
 58778 | Depths:4 | Killed Margery
 59301 | Depths:4 | Killed a golden dragon
 59320 | Depths:4 | Identified the +8 fustibalus of Gavy {flame, rPois rF-
                  | MR+++ Stlth-}
 59538 | Depths:4 | Identified Poavve's Reference Book on Venom and the
                  | Arsonist
 59665 | Depths:4 | Found Retetoas's Retail Resort.
 59711 | Depths:4 | Reached skill level 17 in Fighting
 59909 | Depths:5 | Entered Level 5 of the Depths
 59960 | Depths:5 | Noticed a golden dragon
 59969 | Depths:5 | Killed a golden dragon
 59969 | Depths:5 | Reached XP level 24. HP: 195/195 MP: 25/42
 60070 | Depths:5 | Identified the +10 shortbow "Qadaigg" {freeze, MR+}
 60132 | Depths:5 | Noticed Xtahua
 60158 | Depths:5 | Killed Xtahua
 60287 | Depths:5 | Noticed a caustic shrike
 60287 | Depths:5 | Noticed a caustic shrike
 60287 | Depths:5 | Noticed a caustic shrike
 60296 | Depths:5 | Killed a caustic shrike
 60301 | Depths:5 | Killed a caustic shrike
 60304 | Depths:5 | Killed a caustic shrike
 60512 | Depths:5 | Found a runed translucent gate.
 60513 | Depths:5 | Found a runed translucent gate.
 60514 | Depths:5 | Found a runed translucent gate.
 60517 | Depths:5 | Noticed Nedwecyt's ghost (journeyman DsAs)
 60541 | Depths:5 | Identified the +5 lajatang of Quantum Leap {vamp, rPois rF+
                  | MR+ Str+2}
 60632 | Depths:5 | Found a gate to the Realm of Zot.
 61212 | Vaults:4 | You fall into a shaft and drop 1 floor!
 61212 | Vaults:5 | Entered Level 5 of the Vaults
 61408 | Vaults:5 | Noticed an ancient lich
 61426 | Vaults:5 | Killed an ancient lich
 61559 | Vaults:5 | Identified the ring of the Battered Spirits {rElec Str+4
                  | Slay+3 Stlth+}
 61574 | Vaults:5 | Noticed an ancient lich
 61589 | Vaults:5 | Killed an ancient lich
 61710 | Vaults:5 | Reached skill level 18 in Fighting
 61859 | Vaults:5 | Reached XP level 25. HP: 204/204 MP: 42/42
 62150 | Vaults:5 | Noticed Mara
 62158 | Vaults:5 | Noticed MisterFreud's illusion
 62182 | Vaults:5 | Noticed an ancient lich
 62185 | Vaults:5 | Identified the cursed +0 plate armour "Xagai" {rN+}
 62196 | Vaults:5 | Killed an ancient lich
 62198 | Vaults:5 | Killed Mara
 62206 | Vaults:5 | Identified the +4 war axe of Duty {pain, rElec rF+ rC+ MR+}
 62368 | Vaults:5 | Identified the +5 plate armour of Bevutz {*Drain +Fly Dex+9
                  | Stlth-}
 62650 | Vaults:5 | Identified the +4 trident of Termination {venom, *Slow
                  | rElec rF+}
 62884 | Vaults:5 | Found Feob Yne's Food Boutique.
 62897 | Vaults:5 | Got a silver rune of Zot
 63340 | Vaults:3 | Learned a level 8 spell: Controlled Blink
 63731 | Elf:3    | Learned a level 7 spell: Spellforged Servitor
 64036 | D:15     | Killed Awam Ung's ghost
 64146 | D:15     | Voluntarily entered the Abyss.
 64700 | Abyss:2  | Reached XP level 26. HP: 213/213 MP: 34/43
 64748 | Abyss:2  | Reached skill level 19 in Fighting
 64880 | Abyss:2  | Gained mutation: Your spells are a little harder to cast,
                  | but a little more powerful. [a cacodemon]
 64882 | Abyss:2  | Gained mutation: You occasionally shout uncontrollably at
                  | your foes. [a cacodemon]
 64940 | Abyss:2  | Gained mutation: Your magical capacity is low. (-10% MP) [a
                  | neqoxec]
 65012 | Abyss:2  | Paralysed by accursed screaming for 1 turns
 65087 | Abyss:2  | Paralysed by accursed screaming for 1 turns
 65098 | Abyss:2  | Paralysed by accursed screaming for 1 turns
 65166 | Abyss:3  | Found a roughly hewn altar of Beogh.
 65199 | Abyss:3  | Found a roughly hewn altar of Beogh.
 65252 | Abyss:3  | Found a roughly hewn altar of Beogh.
 65301 | Abyss:3  | Found a corrupted altar of Lugonu.
 65306 | Abyss:3  | Got an abyssal rune of Zot
 65331 | D:15     | Escaped the Abyss
 65512 | Crypt:1  | Entered Level 1 of the Crypt
 65528 | Crypt:1  | Reached skill level 15 in Air Magic
 67404 | Crypt:3  | Entered Level 3 of the Crypt
 67705 | Crypt:3  | Identified the Catalogue of Dark Secrets
 67769 | Crypt:3  | Noticed a greater mummy
 67814 | Crypt:3  | Learned a level 5 spell: Aura of Abjuration
 67848 | Crypt:3  | Killed a greater mummy
 68128 | Crypt:3  | Noticed Saint Roka
 68148 | Crypt:3  | Reached XP level 27. HP: 224/224 MP: 34/39
 68163 | Crypt:3  | Killed Saint Roka
 68734 | Crypt:3  | Found a staircase to the Tomb.
 69237 | Elf:2    | Bought an uncursed ring of resist corrosion for 380 gold
                  | pieces
 69248 | Elf:2    | Learned a level 6 spell: Iron Shot
 69557 | Slime:1  | Entered Level 1 of the Pits of Slime
 69584 | Slime:1  | Gained mutation: Scrolls take you a little longer to read.
                  | [a shining eye]
 69591 | Slime:1  | Gained mutation: You are dopey. (Int -2) [a shining eye]
 69598 | Slime:1  | Lost mutation: You are dopey. (Int -2) [potion of mutation]
 69598 | Slime:1  | Lost mutation: Scrolls take you a little longer to read.
                  | [potion of mutation]
 69598 | Slime:1  | Lost mutation: Your spells are a little harder to cast, but
                  | a little more powerful. [potion of mutation]
 69598 | Slime:1  | Gained mutation: You are partially covered in molten
                  | scales. (AC +2) [potion of mutation]
 69598 | Slime:1  | Gained mutation: Your natural rate of healing is unusually
                  | fast. [potion of mutation]
 69598 | Slime:1  | Lost mutation: Your magical capacity is low. (-10% MP)
                  | [potion of mutation]
 69598 | Slime:1  | Gained mutation: You are partially covered in icy blue
                  | scales. (AC +2) [potion of mutation]
 69633 | Slime:3  | Reached skill level 20 in Fighting
 69868 | Slime:4  | Gained mutation: You are dopey. (Int -2) [a shining eye]
 69872 | Slime:4  | Gained mutation: Armour fits poorly on your strangely
                  | shaped body. [a shining eye]
 69890 | Slime:5  | Entered Level 5 of the Pits of Slime
 69919 | Slime:5  | Gained mutation: Potions are less effective at restoring
                  | your health. [a shining eye]
 69955 | Slime:5  | Found a viscous altar of Jiyva.
 69957 | Slime:5  | Noticed the Royal Jelly
 69971 | Slime:5  | Killed the Royal Jelly
 70016 | Slime:5  | Identified the cursed +3 falchion "Dacliuse" {venom, rN++
                  | Stlth+}
 70025 | Slime:5  | Identified the cursed +1 dire flail "Kusseoci" {protect,
                  | Int-5 Dex+8 Stlth-}
 70031 | Slime:5  | Got a slimy rune of Zot
 70035 | Slime:5  | Identified the Disquisition on Burning Venom
 70370 | Slime:5  | Gained mutation: You are occasionally teleported next to
                  | monsters. [a shining eye]
 70373 | Slime:5  | Gained mutation: Your body sometimes deteriorates upon
                  | taking damage. [a shining eye]
 70565 | Slime:5  | Lost mutation: Potions are less effective at restoring your
                  | health. [potion of mutation]
 70565 | Slime:5  | Lost mutation: You are dopey. (Int -2) [potion of mutation]
 70565 | Slime:5  | Gained mutation: Your spells are a little easier to cast,
                  | but a little less powerful. [potion of mutation]
 70565 | Slime:5  | Gained mutation: Your muscles are strong. (Str +2) [potion
                  | of mutation]
 70566 | Slime:5  | Lost mutation: Your spells are a little easier to cast, but
                  | a little less powerful. [potion of mutation]
 70566 | Slime:5  | Lost mutation: Your muscles are strong. (Str +2) [potion of
                  | mutation]
 70566 | Slime:5  | Gained mutation: You are weak. (Str -2) [potion of
                  | mutation]
 70566 | Slime:5  | Gained mutation: You are surrounded by a mild repulsion
                  | field. (EV +2) [potion of mutation]
 70566 | Slime:5  | Gained mutation: You passively map a small area around you.
                  | [potion of mutation]
 70567 | Slime:5  | Lost mutation: You are weak. (Str -2) [potion of mutation]
 70567 | Slime:5  | Lost mutation: Armour fits poorly on your strangely shaped
                  | body. [potion of mutation]
 70567 | Slime:5  | Gained mutation: You have supernaturally acute eyesight.
                  | (SInv) [potion of mutation]
 70567 | Slime:5  | Gained mutation: You heal very quickly. [potion of
                  | mutation]
 70568 | Slime:5  | Lost mutation: You have supernaturally acute eyesight.
                  | (SInv) [potion of mutation]
 70568 | Slime:5  | Lost mutation: Your body sometimes deteriorates upon taking
                  | damage. [potion of mutation]
 70568 | Slime:5  | Lost mutation: You occasionally shout uncontrollably at
                  | your foes. [potion of mutation]
 70568 | Slime:5  | Lost mutation: You are surrounded by a mild repulsion
                  | field. (EV +2) [potion of mutation]
 70568 | Slime:5  | Gained mutation: Your movements are slightly less
                  | encumbered by armour. (ER -2) [potion of mutation]
 70568 | Slime:5  | Gained mutation: Scrolls take you a little longer to read.
                  | [potion of mutation]
 70568 | Slime:5  | Gained mutation: You have an increased reservoir of magic.
                  | (+10% MP) [potion of mutation]
 70568 | Slime:5  | Gained mutation: You are somewhat resistant to further
                  | mutation. [potion of mutation]
 70569 | Slime:5  | Lost mutation: Scrolls take you a little longer to read.
                  | [potion of mutation]
 70569 | Slime:5  | Gained mutation: You have large cloven feet. [potion of
                  | mutation]
 70570 | Slime:5  | Lost mutation: You heal very quickly. [potion of mutation]
 70570 | Slime:5  | Lost mutation: You are occasionally teleported next to
                  | monsters. [potion of mutation]
 70570 | Slime:5  | Lost mutation: You have an increased reservoir of magic.
                  | (+10% MP) [potion of mutation]
 70570 | Slime:5  | Gained mutation: Your flesh is heat resistant. (rF+)
                  | [potion of mutation]
 70570 | Slime:5  | Gained mutation: You expend magic power (3 MP) to
                  | strengthen your wands. [potion of mutation]
 70578 | Slime:5  | Learned a level 1 spell: Apportation
 70588 | Slime:5  | Learned a level 9 spell: Shatter
 70966 | Pan      | Entered Pandemonium
 71028 | Pan      | Learned a level 3 spell: Lesser Beckoning
 71205 | Pan      | Reached skill level 15 in Conjurations
 71205 | Pan      | Reached skill level 15 in Hexes
 71205 | Pan      | Reached skill level 15 in Charms
 71205 | Pan      | Reached skill level 15 in Summonings
 71205 | Pan      | Reached skill level 15 in Necromancy
 71205 | Pan      | Reached skill level 15 in Translocations
 71205 | Pan      | Reached skill level 15 in Transmutations
 71205 | Pan      | Reached skill level 15 in Fire Magic
 71205 | Pan      | Reached skill level 15 in Ice Magic
 71205 | Pan      | Reached skill level 15 in Earth Magic
 71205 | Pan      | Reached skill level 15 in Poison Magic
 71915 | Pan      | Found an exit through the horrors of the Abyss.
 71986 | Pan      | Noticed Zoisiti the pandemonium lord
 72011 | Pan      | Killed Zoisiti the pandemonium lord
 72238 | Pan      | Entered the realm of Lom Lobon.
 72238 | Pan      | Noticed Lom Lobon
 72240 | Pan      | Got a magical rune of Zot
 72505 | Pan      | Noticed Lom Lobon
 72585 | Pan      | Found a transporter.
 72617 | Pan      | Entered the realm of Cerebov.
 72856 | Pan      | Reached skill level 21 in Fighting
 73071 | Pan      | Identified the Reference Book on the Glacier and
                  | Intoxication
 73130 | Pan      | Identified the +6 sword of Cerebov {flame}
 73130 | Pan      | Noticed Cerebov
 73135 | Pan      | Identified the amulet "Bakeluat" {rPois Regen+ Str+4}
 73137 | Pan      | Identified the +8 spear of Molips {flame, rElec rF+ MP+9
                  | Stlth-}
 73138 | Pan      | Identified the +5 scythe of the Radish {vorpal, Dex+8 SInv}
 73141 | Pan      | Got a fiery rune of Zot
 73146 | Pan      | Identified the ring of Existentialism {*Corrode rPois MR++
                  | Dex+3 SInv}
 73159 | Pan      | Entered the realm of Mnoleg.
 73171 | Pan      | Gained mutation: You occasionally shout uncontrollably at
                  | your foes. [a neqoxec]
 73173 | Pan      | Paralysed by a floating eye for 4 turns
 73181 | Pan      | Paralysed by a floating eye for 4 turns
 73509 | Pan      | Noticed Mnoleg
 73527 | Pan      | Killed Mnoleg
 73560 | Pan      | Gained mutation: You tend to lose your temper in combat.
                  | [mutagenic glow]
 73705 | Pan      | Gained mutation: You are clumsy. (Dex -2) [a neqoxec]
 73815 | Pan      | Got a glowing rune of Zot
 73839 | Pan      | Noticed Lom Lobon
 73860 | Pan      | Entered the realm of Gloorx Vloq.
 73875 | Pan      | Noticed Lom Lobon
 73960 | Pan      | Noticed Gloorx Vloq
 73973 | Pan      | Killed Gloorx Vloq
 73987 | Pan      | Got a dark rune of Zot
 74075 | Pan      | Identified the +6 sword of Cerebov {flame}
 74075 | Pan      | Noticed Cerebov
 74081 | Depths:1 | Escaped Pandemonium
 74135 | Pan      | Entered Pandemonium
 74136 | Pan      | Found an exit through the horrors of the Abyss.
 74213 | Pan      | Noticed Owois the pandemonium lord
 74228 | Pan      | Identified the +9 short sword "Nunyfaf" {venom, rF++ rC-
                  | Dex+3}
 74330 | Pan      | Found an exit through the horrors of the Abyss.
 74381 | Pan      | Noticed Haqabbomn the pandemonium lord
 74386 | Pan      | Found an exit through the horrors of the Abyss.
 74595 | Pan      | Noticed Efois the pandemonium lord
 74601 | Pan      | Killed Efois the pandemonium lord
 74640 | Pan      | Found an exit through the horrors of the Abyss.
 74671 | Pan      | Lost mutation: Your flesh is heat resistant. (rF+) [potion
                  | of mutation]
 74671 | Pan      | Lost mutation: You tend to lose your temper in combat.
                  | [potion of mutation]
 74671 | Pan      | Lost mutation: You expend magic power (3 MP) to strengthen
                  | your wands. [potion of mutation]
 74821 | Pan      | Reached skill level 22 in Fighting
 74900 | Pan      | Gained mutation: Your body sometimes deteriorates upon
                  | taking damage. [a cacodemon]
 74943 | Pan      | Noticed Isacoidoraf the pandemonium lord
 75206 | Pan      | Noticed Ushrutuz the pandemonium lord
 75263 | Pan      | Killed Ushrutuz the pandemonium lord
 75784 | Pan      | HP: 6/300 [hellion/damnation (34)]
 76095 | Pan      | Found an exit through the horrors of the Abyss.
 76181 | Pan      | Noticed Omnewoig the pandemonium lord
 76210 | Pan      | Killed Omnewoig the pandemonium lord
 76222 | Pan      | Lost mutation: Your body sometimes deteriorates upon taking
                  | damage. [a neqoxec]
 76254 | Pan      | Gained mutation: Your magical capacity is low. (-10% MP) [a
                  | neqoxec]
 76421 | Pan      | Identified the +4 short sword of Intuition {vorpal, Int+4}
 76478 | Pan      | Found an exit through the horrors of the Abyss.
 76574 | Pan      | Noticed Rasyi the pandemonium lord
 76585 | Pan      | Killed Rasyi the pandemonium lord
 76845 | Pan      | Found an exit through the horrors of the Abyss.
 76880 | Pan      | Found an exit through the horrors of the Abyss.
 77096 | Pan      | Found an exit through the horrors of the Abyss.
 77165 | Pan      | Found a runed translucent door.
 77718 | Pan      | Noticed Puntaew the pandemonium lord
 78313 | Pan      | Reached skill level 23 in Fighting
 78465 | Pan      | Identified a scroll of acquirement
 78531 | Pan      | Noticed Pampyxa the pandemonium lord
 78547 | Pan      | Killed Pampyxa the pandemonium lord
 78652 | Pan      | Noticed Righ the pandemonium lord
 78668 | Pan      | Killed Righ the pandemonium lord
 78702 | Pan      | Found an exit through the horrors of the Abyss.
 79253 | Pan      | Found a runed translucent door.
 79444 | Pan      | HP: 5/306 [balrug/+2 vampiric demon whip (23)]
 79734 | Pan      | Gained mutation: Your body sometimes deteriorates upon
                  | taking damage. [a cacodemon]
 79740 | Pan      | Noticed Sutweno the pandemonium lord
 79766 | Pan      | Killed Sutweno the pandemonium lord
 79917 | Pan      | Noticed Ilic Lew the pandemonium lord
 79947 | Pan      | Killed Ilic Lew the pandemonium lord
 80050 | Pan      | Found an exit through the horrors of the Abyss.
 80077 | Pan      | Noticed Meroeff the pandemonium lord
 80086 | Pan      | Killed Meroeff the pandemonium lord
 80554 | Pan      | Noticed Heshah the pandemonium lord
 80806 | Pan      | Noticed Zeoh the pandemonium lord
 80845 | Pan      | Killed Zeoh the pandemonium lord
 81123 | Pan      | Found an exit through the horrors of the Abyss.
 81268 | Pan      | Reached skill level 24 in Fighting
 81397 | Pan      | Noticed Mieny the pandemonium lord
 81424 | Pan      | Killed Mieny the pandemonium lord
 81646 | Pan      | Noticed Zinu the pandemonium lord
 83498 | Pan      | Noticed Qylodinu the pandemonium lord
 83512 | Pan      | Killed Qylodinu the pandemonium lord
 83619 | Pan      | Noticed Nayliex Gosu the pandemonium lord
 83637 | Pan      | Killed Nayliex Gosu the pandemonium lord
 83680 | Pan      | Found an exit through the horrors of the Abyss.
 83962 | Pan      | Found an exit through the horrors of the Abyss.
 84221 | Pan      | Noticed Rapsisen the pandemonium lord
 84245 | Pan      | Killed Rapsisen the pandemonium lord
 84372 | Pan      | Found an exit through the horrors of the Abyss.
 84514 | Pan      | Noticed Jugyem the pandemonium lord
 84522 | Pan      | Cast into level 5 of the Abyss (Jugyem)
 84522 | Abyss:5  | Entered Level 5 of the Abyss
 84545 | Pan      | Escaped the Abyss
 85169 | Pan      | Found an exit through the horrors of the Abyss.
 85579 | Pan      | Gained mutation: You are frail. (-10% HP) [a cacodemon]
 85990 | Pan      | Reached skill level 25 in Fighting
 86008 | Pan      | Noticed Sainyjea the pandemonium lord
 86018 | Pan      | Killed Sainyjea the pandemonium lord
 86028 | Pan      | Identified the +9 hand axe "Adatukoo" {chaos, rC+}
 86217 | Pan      | Found a runed translucent door.
 86223 | Pan      | Found a runed translucent door.
 86225 | Pan      | Found a runed translucent door.
 86236 | Pan      | Found a runed translucent door.
 86244 | Pan      | Noticed Iddoa the pandemonium lord
 86253 | Pan      | Killed from afar by Iddoa the pandemonium lord

Levels and vault maps discovered:
D:1:      dpeg_chamrin_arrival_tetris, layout_rooms
D:2:      layout_loops_corners, lemuel_round_altar
D:3:      layout_loops_ring
D:4:      layout_loops_ring, kennysheep_little_box,
          ashenzari_conservatory_becter, yredelemnul_altar_generic,
          lemuel_temple_firewalk_b, first_ration, ebering_ghost_reflecting_pool,
          minmay_misc_feat_columns, uniq_eustachio
D:5:      layout_loops_cross, serial_shops, shop
D:6:      layout_basic, nrook_mini_backslash, uniq_grinder
D:7:      layout_loops_ring, lemuel_coloured_pillars_altar, serial_shops, shop
D:8:      layout_loops_corners, nicolae_ru_path_of_blood, due_unseen_surprise,
          uniq_pikel
D:9:      kennysheep_housing_project, layout_loops_ring, hiddenorc2_lemuel
D:10:     layout_irregular_city, uniq_nergalle
D:11:     layout_loops_corners, dpeg_lair_monsters, enter_bailey_3, the_bakery,
          minivault_29
D:12:     layout_rooms, serial_shops, nicolae_shop_behind_doors,
          minmay_ruined_shrine, uniq_jorgrun
D:13:     layout_stronghold, serial_column_ruins, column_ruins_columns_water,
          column_ruins_columns_straight, column_ruins_grid_1,
          column_ruins_grid_4, minmay_pinched_square
D:14:     layout_grid_maze, david_vaults_1, special_room [special_room_orc],
          uniq_snorg
D:15:     grunt_enter_depths_snipers, layout_rooms, hangedman_decor_slide_cut,
          gammafunk_ghost_abyssal_escape, minmay_starry_boxes
Lair:1:   layout_roguey, small_statue_intersection, minivault_27, uniq_erica,
          uniq_gastronok
Lair:2:   layout_roguey, swamp_mist_pool
Lair:3:   layout_misc_corridors, minmay_snake_entry_six_corridors, minivault_11
Lair:4:   layout_regular_city, roderic_carrion_pond
Lair:5:   layout_long_grid, minmay_slime_entry_pillars, dpeg_oklob_1,
          infiniplex_staircase_pool_2, grunt_megastairs_1
Lair:6:   gammafunk_lair_ancient_temple, layout_regular_city
Swamp:1:  layout_basic_swamp, evilmike_swamp_ruin_house_2
Swamp:2:  layout_basic_swamp, evilmike_swamp_ruin_house_6,
          infiniplex_staircase_pool, uniq_roxanne
Swamp:3:  cheibrodos_swamp_mausoleum, layout_falls_marsh,
          nicolae_swamp_fairy_circle, cheibrodos_swamp_kobolds
Swamp:4:  byrel_swamp_growth_death_and_undeath, layout_basic_swamp
Snake:1:  layout_onion_interference, lemuel_fruit_tree, uniq_nikola,
          uniq_frances
Snake:2:  layout_rooms, serial_shops, nicolae_shop_waterfront, basic_altar,
          nicolae_snake_lava_pool
Snake:3:  layout_cave_shapes, serial_bayou_pond_b, drop_trap, grunt_megastairs_3
Snake:4:  snake_pit, layout_cave_town, uniq_vashnia, uniq_aizul
Slime:1:  layout_caves
Slime:2:  layout_caves
Slime:3:  layout_caves, cheibrodos_slime_lost_civilization_7
Slime:4:  layout_caves
Slime:5
Orc:1:    layout_diamond_mine
Orc:2:    grunt_orc_cross, layout_caves, basic_altar, serial_shops, shop,
          uniq_rupert
Elf:1:    layout_onion_city, orc_legates
Elf:2:    layout_gridlike, serial_shops, nicolae_shop_trees
Elf:3:    minmay_elf_hall_dome, layout_loops_cross
Vaults:1: advil_vaults_ghost_lines, ontoclasm_vaults_twist, sword_in_stone,
          hangedman_vaults_corner_blocks, hangedman_vaults_stream, v_rooms_3,
          v_misc_26, hangedman_vaults_locks, ontoclasm_vaults_loading_screen,
          vaults_dpeg_hooks, v_misc_26, nicolae_vaults_little_squares_6,
          nicolae_vaults_shelves_hall, layout_vaults_omnicross, serial_shops,
          nicolae_shop_stone, nicolae_shop_crystal, nicolae_shop_trees, shop
Vaults:2: st_cross, dpeg_vaults_monster_row, ontoclasm_vaults_ring_small,
          ontoclasm_vaults_bender, nicolae_vaults_big_angled_halls,
          vaults_room_door_ring, nicolae_vaults_little_squares_6,
          nicolae_vaults_border_crossing, serial_ice_h, v_misc_33,
          dpeg_vaults_monster_box, vaults_room_hallway,
          vaults_room_stairs_pillars, layout_vaults_ring, serial_shops,
          nicolae_shop_stone, uniq_mennas, uniq_bai_suzhen
Vaults:3: vaults_mumra_minichess, nicolae_vaults_three_branches,
          vaults_room_door_hall, minmay_crypt_entry_necro_gods,
          ontoclasm_vaults_ligature, ontoclasm_vaults_gateway, v_misc_2,
          v_misc_27, v_alt_pattern_4, layout_vaults_quadrants, serial_shops,
          shop
Vaults:4: nicolae_vaults_gold_heap, v_misc_2, vaults_mumra_chevron,
          hangedman_vaults_nails, nicolae_vaults_little_squares_6,
          vaults_room_pools, vaults_room_hallway,
          vaults_room_grunt_arrival_ludios, nicolae_vaults_mini_display_case,
          v_pattern_2, layout_vaults_big_room, serial_shops,
          nicolae_shop_statue_plus, shop
Vaults:5: uniq_mara
Crypt:1:  layout_gridlike, evilmike_ambush [evilmike_ambush_outer_basic,
          evilmike_ambush_inner_basic], grunt_crypt_arrival_split
Crypt:2:  layout_basic
Crypt:3:  due_elkab, layout_chaotic_city, nicolae_tomb_entry_rubble_hallway,
          st_stairs_5, minivault_19, uniq_saint_roka
Depths:1: layout_roguey, pf_coc_iceberg, minmay_misc_feat_plants,
          rand_demon_pan_entry_7, kb_rosetta
Depths:2: minmay_box_of_statues, layout_honeycomb, enter_ziggurat_c,
          grunt_hell_entry_dis_old, serial_shops, shop, minmay_staircase_bubble
Depths:3: minmay_sliced_demisemicircle, layout_honeycomb, grunt_decor_arrowhead,
          pan_entry, hell_entry
Depths:4: minmay_the_grid_octo_tiled_octocenter_mashed
          [minmay_the_grid_octo_teeth, minmay_the_grid_octo_thin_diamonds,
          minmay_the_grid_octo_empty, minmay_the_grid_octo_odd_swirl,
          minmay_the_grid_octo_prize_big_c, minmay_the_grid_square_5x5_z,
          minmay_the_grid_square_5x5_slash,
          minmay_the_grid_square_5x5_inverted_slash,
          minmay_the_grid_square_5x5_inner_z], layout_honeycomb, hell_entry,
          abyss_entry, nicolae_wwwww, nicolae_alphabet_shops,
          serial_bayou_pond_c, st_stairs_5, infiniplex_staircase_zigzag_3,
          serial_bayou_shore_b, uniq_margery
Depths:5: evilmike_zot_entry_basic, layout_cave_shapes, lightli_too_deep,
          hangedman_decor_push, abyss_entry, gammafunk_ghost_tricky_traps,
          rand_demon_pan_entry_9, minmay_misc_feat_encased,
          chequers_serial_rivers_micro_d, uniq_xtahua
Pan:      rand_demon_5, layout_gridlike, pan_blood_fountain,
          pan_blood_fountain_small, evilmike_mini_pan_V, layout_gridlike,
          pan_blood_fountain_2, nicolae_pan_giant_door, layout_grid_shapes,
          evilmike_mini_pan_doors, layout_grid_shapes,
          evilmike_mini_pan_corridor, layout_basic, pan_blood_fountain_small,
          rand_demon_3, layout_rooms, pan_blood_fountain_2,
          evilmike_mini_pan_doors_b, layout_grid_shapes, nicolae_pan_glass_arcs,
          layout_long_grid, nicolae_pan_gloorx_vloqian_1,
          evilmike_mini_pan_doors_b, layout_basic, nicolae_pan_giant_door,
          layout_chambers, rand_demon_3, layout_rooms, rand_demon_4,
          layout_basic, lom_lobon, layout_stronghold, pan_blood_fountain,
          pan_blood_fountain_small, gammafunk_dig_for_victory, layout_gridlike,
          uniq_lom_lobon, nicolae_pan_gloorx_vloqian_3,
          nicolae_pan_strange_glyphs [nicolae_pan_strange_glyph_regret,
          nicolae_pan_strange_glyph_contempt, nicolae_pan_strange_glyph_envy],
          cerebov_grunt_fire_and_steel, layout_gridlike, evilmike_mnoleg_eyes,
          layout_irregular_city, uniq_lom_lobon, pan_blood_fountain,
          nicolae_pan_gloorx_vloqian_2, gloorx_vloq, layout_pan_divisions_a
          [pan_division_quadrant_a3, pan_division_quadrant_a5,
          pan_division_quadrant_a5, pan_division_quadrant_a5,
          pan_division_octagon_halves], uniq_cerebov, uniq_lom_lobon,
          pan_blood_fountain_small, nicolae_pan_glass_arcs, layout_grid_shapes,
          pan_blood_fountain_small, evilmike_mini_pan_T, layout_irregular_city,
          evilmike_mini_pan_possible_glass, layout_basic, nicolae_pan_hourglass,
          layout_chambers, nicolae_pan_cerebovesque_3, pan_captured_pigsty,
          reaverb_pan_figure_eight, evilmike_mini_pan_corridor, layout_cross,
          pan_blood_fountain_2, grunt_pan_sceptre, layout_pan_divisions_a
          [pan_division_quadrant_a1, pan_division_quadrant_a2,
          pan_division_quadrant_a2, pan_division_quadrant_a2,
          pan_division_octagon_halves], reaverb_pan_chaos_star,
          nicolae_pan_giant_door, layout_onion_city, evilmike_mini_pan_diamond,
          layout_rooms, nicolae_pan_sigil_itan, evilmike_mini_pan_other_thingy,
          layout_chambers, evilmike_mini_pan_diamond, layout_basic,
          evilmike_mini_pan_pillars_b, layout_chambers,
          pan_blood_fountain_small, pan_blood_fountain_2,
          nicolae_pan_gloorx_vloqian_2, grunt_pan_in_and_out,
          layout_irregular_city, pan_blood_fountain, nicolae_pan_sick_transit,
          lemuel_hellion_island, layout_gridville, rand_demon_6,
          layout_gridlike, rand_demon_3, layout_pan_divisions_a
          [pan_division_quadrant_a1, pan_division_quadrant_a3,
          pan_division_quadrant_a5, pan_division_quadrant_a4,
          pan_division_octagon_box], reaverb_pan_squares,
          nicolae_pan_sigil_nadil, nicolae_pan_hourglass, layout_basic,
          pan_disco_hall, layout_pan_divisions_a [pan_division_quadrant_a2,
          pan_division_quadrant_a1, pan_division_quadrant_a4,
          pan_division_quadrant_a4, pan_division_octagon_halves], rand_demon_8,
          layout_rooms, nicolae_pan_lom_lobonic_2,
          regret_index_pan_draining_boxed, layout_grid_shapes,
          grunt_pan_pentagram, layout_small_grid, nicolae_pan_sigil_obb,
          nicolae_pan_mnolegish_3, grunt_pan_sceptre, layout_irregular_city,
          pan_blood_fountain_small, nicolae_pan_sigil_itan,
          evilmike_mini_pan_3x3, layout_grid_shapes, evilmike_mini_pan_thingy,
          layout_gridlike, pan_blood_fountain_small, rand_demon_9,
          layout_chambers, evilmike_mini_pan_diamond, layout_basic,
          evilmike_holy_pan, rand_demon_1, layout_basic,
          nicolae_pan_lom_lobonic_1, rand_demon_1, layout_onion_city,
          rand_demon_9, layout_small_grid, rand_demon_3, layout_onion_city,
          nicolae_pan_mnolegish_2, rand_demon_2, layout_onion_city,
          rand_demon_7, layout_rooms, pan_blood_fountain,
          nicolae_pan_gloorx_vloqian_1, evilmike_mini_pan_3x3,
          layout_irregular_city, pan_blood_fountain_small, rand_demon_5,
          layout_grid_shapes, nicolae_pan_double_arrow, layout_basic,
          rand_demon_5, layout_gridville, pan_blood_fountain_small,
          rand_demon_9, layout_gridville, evilmike_mini_pan_pillars,
          layout_gridlike, pan_blood_fountain_2, nicolae_pan_glass_arcs,
          layout_stronghold, nicolae_pan_lom_lobonic_1, evilmike_mini_pan_doors,
          layout_grid_shapes, nicolae_pan_double_arrow, layout_irregular_city,
          nicolae_pan_gloorx_vloqian_3, grunt_pan_spiral, layout_small_grid,
          nicolae_pan_sigil_obb, evilmike_mini_pan_corner,
          layout_pan_divisions_a [pan_division_quadrant_a6,
          pan_division_quadrant_a5, pan_division_quadrant_a6,
          pan_division_quadrant_a3, pan_division_octagon_empty],
          pan_blood_fountain, nicolae_pan_sick_transit,
          evilmike_mini_pan_corridor, layout_gridlike, pan_blood_fountain,
          nicolae_pan_cerebovesque_2, evilmike_mini_pan_doors, layout_long_grid,
          pan_blood_fountain_small, rand_demon_5, layout_irregular_city,
          nicolae_pan_sigil_nadil, nicolae_pan_cerebovesque_3,
          nicolae_pan_strange_glyphs [nicolae_pan_strange_glyph_melancholia,
          nicolae_pan_strange_glyph_rage, nicolae_pan_strange_glyph_envy],
          evilmike_mini_pan_corner, layout_gridville, rand_demon_7,
          layout_basic, pan_blood_fountain_small, evilmike_mini_pan_layers,
          layout_stronghold, nicolae_pan_mnolegish_2, evilmike_mini_pan_layers,
          layout_irregular_city, pan_blood_fountain_2, rand_demon_3,
          layout_pan_divisions_a [pan_division_quadrant_a2,
          pan_division_quadrant_a5, pan_division_quadrant_a1,
          pan_division_quadrant_a2, pan_division_octagon_halves],
          nicolae_pan_sigil_itan, evilmike_mini_pan_V, layout_gridlike,
          lemuel_hall_of_pain, layout_chambers, evilmike_mini_pan_doors_b,
          layout_onion_city, grunt_pan_spiral, layout_chambers, rand_demon_8,
          layout_rooms, evilmike_mini_pan_layers, layout_gridlike,
          grunt_pan_frozen_over, layout_long_grid, evilmike_mini_pan_corridor,
          layout_pan_divisions_a [pan_division_quadrant_a5,
          pan_division_quadrant_a3, pan_division_quadrant_a4,
          pan_division_quadrant_a3, pan_division_octagon_box],
          pan_blood_fountain_small, rand_demon_2, layout_rooms,
          evilmike_mini_pan_T, layout_basic, nicolae_pan_mnolegish_3,
          nicolae_pan_sigil_eeng, pan_surprise, evilmike_mini_pan_T,
          layout_irregular_city, rand_demon_7, layout_chambers,
          nicolae_pan_strange_glyphs [nicolae_pan_strange_glyph_angst,
          nicolae_pan_strange_glyph_envy, nicolae_pan_strange_glyph_humiliation]

Skill      XL: |  1  2  3  4  5  6  7  8  9 10 11 12 13 14 15 16 17 18 19 20 21 22 23 24 25 26 27 |
---------------+----------------------------------------------------------------------------------+-----
Invocations    | 1 2 3 4 5 6 7 8 9 10 11 12 13 14 15 16 17 18 22 | 22.0
Long Blades    | 1 2 3 4 5 6 7 8 9 10 11 12 13 14 15 16 20 | 20.5
Axes           | 1 2 3 4 5 6 7 8 9 10 11 12 13 14 15 16 20 | 20.5
Maces & Flails | 1 2 3 4 5 6 7 8 9 10 11 12 13 14 15 16 20 | 20.5
Polearms       | 1 2 3 4 5 6 7 8 9 10 11 12 13 14 15 16 23 | 23.0
Staves         | 1 2 3 4 5 6 7 8 9 10 11 12 13 14 15 16 20 | 20.5
Slings         | 1 2 3 4 5 6 7 8 9 10 11 12 13 14 15 16 20 | 20.5
Bows           | 1 2 3 4 5 6 7 8 9 10 11 12 13 14 15 16 20 | 20.5
Crossbows      | 1 2 3 4 5 6 7 8 9 10 11 12 13 14 15 16 20 | 20.5
Throwing       | 1 2 3 4 5 6 7 8 9 10 11 12 13 14 15 16 23 | 23.0
Dodging        | 1 2 3 4 5 6 7 8 9 10 11 12 13 14 15 16 20 | 20.5
Stealth        | 1 2 3 4 5 6 7 8 9 10 11 12 13 14 15 16 20 | 20.5
Unarmed Combat | 1 2 3 4 5 6 7 8 9 10 11 12 13 14 15 16 20 | 20.5
Spellcasting   | 1 2 3 4 5 6 7 8 9 10 11 12 13 14 15 16 20 | 20.5
Evocations     | 1 2 3 4 5 6 7 8 9 10 11 12 13 14 15 16 20 | 20.5
Conjurations   | 1 2 3 4 5 6 7 8 9 10 11 12 13 14 17 | 17.8
Hexes          | 1 2 3 4 5 6 7 8 9 10 11 12 13 14 17 | 17.8
Charms         | 1 2 3 4 5 6 7 8 9 10 11 12 13 14 17 | 17.8
Summonings     | 1 2 3 4 5 6 7 8 9 10 11 12 13 14 17 | 17.8
Necromancy     | 1 2 3 4 5 6 7 8 9 10 11 12 13 14 17 | 17.8
Translocations | 1 2 3 4 5 6 7 8 9 10 11 12 13 14 17 | 17.8
Transmutations | 1 2 3 4 5 6 7 8 9 10 11 12 13 14 17 | 17.8
Fire Magic     | 1 2 3 4 5 6 7 8 9 10 11 12 13 14 17 | 17.8
Ice Magic      | 1 2 3 4 5 6 7 8 9 10 11 12 13 14 17 | 17.8
Air Magic      | 1 2 3 4 5 6 7 8 9 10 11 12 13 14 15 20 | 20.8
Earth Magic    | 1 2 3 4 5 6 7 8 9 10 11 12 13 14 17 | 17.8
Poison Magic   | 1 2 3 4 5 6 7 8 9 10 11 12 13 14 17 | 17.8
Short Blades   | 5 6 7 8 9 10 11 12 13 14 15 16 17 20 | 20.9
Fighting       | 7 8 9 10 11 12 13 14 15 16 17 18 19 25 | 25.1
Armour         | 7 8 9 10 11 12 13 14 15 16 17 21 | 21.1
Shields        | 7 8 9 10 11 12 13 14 15 16 17 21 | 21.1

Action                   |  1- 3 |  4- 6 |  7- 9 | 10-12 | 13-15 | 16-18 | 19-21 | 22-24 | 25-27 || total
-------------------------+-------+-------+-------+-------+-------+-------+-------+-------+-------++-------
Melee: Rapier            |   107 |   217 |    16 |    38 |       |       |       |       |       ||   378
       Bite              |    10 |    26 |   131 |   208 |   301 |   282 |   207 |   239 |   695 ||  2099
       Short sword       |       |     3 |   821 |  1356 |  1823 |   868 |       |       |       ||  4871
       Trident           |       |       |       |       |       |  1051 |   163 |       |       ||  1214
       Demon whip        |       |       |       |       |       |       |  1533 |  1606 |  1776 ||  4915
       Sacred scourge    |       |       |       |       |       |       |       |       |  3232 ||  3232
       Kick              |       |       |       |       |       |       |       |       |   860 ||   860
 Cast: Mephitic Cloud    |       |       |       |    68 |    55 |    15 |       |       |       ||   138
       Summon Lightning  |       |       |       |    12 |    94 |    88 |    33 |    21 |     2 ||   250
       Irradiate         |       |       |       |       |       |    29 |    17 |    23 |   101 ||   170
       Deflect Missiles  |       |       |       |       |       |     8 |     9 |     8 |     7 ||    32
       Statue Form       |       |       |       |       |       |    47 |    78 |    70 |   210 ||   405
       Controlled Blink  |       |       |       |       |       |       |       |       |    30 ||    30
       Aura of Abjuratio |       |       |       |       |       |       |       |       |    28 ||    28
       Lesser Beckoning  |       |       |       |       |       |       |       |       |    76 ||    76
       Passwall          |       |       |       |       |       |       |       |       |     6 ||     6
       Apportation       |       |       |       |       |       |       |       |       |     2 ||     2
       Spellforged Servi |       |       |       |       |       |       |       |       |     2 ||     2
Invok: Curse Item        |       |     1 |       |     2 |       |     4 |     3 |       |     4 ||    14
       Scrying           |       |       |       |       |       |       |       |       |     1 ||     1
Evoke: Wand              |       |       |     5 |     6 |    10 |    17 |     6 |     3 |     5 ||    52
       Tin of tremorston |       |       |       |       |       |     1 |       |       |       ||     1
       Phantom mirror    |       |       |       |       |       |       |     1 |       |       ||     1
       Lamp of fire      |       |       |       |       |       |       |       |     1 |     3 ||     4
  Use: Potion            |       |     1 |       |       |     1 |       |     2 |     2 |    18 ||    24
       Scroll            |       |       |     7 |    11 |     9 |     3 |    14 |     2 |    33 ||    79
 Stab: Sleeping          |       |       |     1 |    15 |    31 |    19 |    26 |    12 |    14 ||   118
       Confused          |       |       |       |    65 |    68 |    15 |       |       |     2 ||   150
       Distracted        |       |       |       |     8 |    27 |    27 |    15 |     9 |    27 ||   113
       Held in net/web   |       |       |       |     1 |       |       |       |       |       ||     1
       Invisible         |       |       |       |       |     3 |       |       |     4 |       ||     7
  Eat: Chunk             |       |     8 |     9 |    45 |    36 |    31 |    57 |    39 |    15 ||   240
       Ration            |       |       |     1 |     2 |     2 |    10 |     2 |     3 |    35 ||    55
Armor: Scale mail        |    30 |     3 |       |       |       |       |       |       |       ||    33
       Plate armour      |       |   104 |   355 |       |       |       |       |       |       ||   459
       Leather armour    |       |       |     4 |   173 |       |       |       |       |       ||   177
       Ring mail         |       |       |       |       |   213 |   145 |     6 |     4 |     1 ||   369
       Skin              |       |       |       |       |       |   408 |   385 |   466 |  1776 ||  3035
       Robe              |       |       |       |       |       |       |       |       |    49 ||    49
Dodge: Dodged            |    19 |    29 |   120 |   480 |   507 |  1110 |   933 |  1123 |  4161 ||  8482
       Deflected         |       |       |       |       |       |   127 |   112 |    67 |   149 ||   455
Block: Kite shield       |    53 |   127 |   363 |   636 |   813 |  1154 |  1021 |  1116 |  5107 || 10390

Table legend:
 A = Non-vault XP
 B = Vault XP
 C = Vault XP percentage of total XP
 D = Non-vault monster count
 E = Vault monster count
 F = Vault count percentage of total count
                 A         B        C        D         E       F
            +---------+---------+-------+---------+---------+-------
      Total | 1363601 | 1022381 |  42.8 |    2421 |    1225 |  33.6
            +---------+---------+-------+---------+---------+-------
        D:1 |      48 |       0 |   0.0 |      25 |       0 |   0.0
        D:2 |      55 |       0 |   0.0 |      13 |       0 |   0.0
        D:3 |     134 |       0 |   0.0 |      33 |       0 |   0.0
        D:4 |     169 |     519 |  75.4 |       8 |       2 |  20.0
        D:5 |     404 |       0 |   0.0 |      17 |       0 |   0.0
        D:6 |     881 |     286 |  24.5 |      17 |       1 |   5.6
        D:7 |    1601 |       0 |   0.0 |      37 |       0 |   0.0
        D:8 |    1897 |     990 |  34.3 |      20 |       6 |  23.1
        D:9 |    3014 |    1668 |  35.6 |      31 |      55 |  64.0
       D:10 |    2768 |     772 |  21.8 |      26 |       1 |   3.7
       D:11 |    3476 |    7376 |  68.0 |      30 |      52 |  63.4
       D:12 |    6534 |    4595 |  41.3 |      37 |       8 |  17.8
       D:13 |    6950 |    3532 |  33.7 |      46 |      15 |  24.6
       D:14 |   15456 |    4446 |  22.3 |      54 |      24 |  30.8
       D:15 |    8999 |   13882 |  60.7 |      27 |      16 |  37.2
     Lair:1 |    4683 |    2645 |  36.1 |      12 |       2 |  14.3
     Lair:2 |    2925 |       0 |   0.0 |      18 |       0 |   0.0
     Lair:3 |    5229 |    1613 |  23.6 |      20 |      15 |  42.9
     Lair:4 |    4786 |     470 |   8.9 |      14 |       5 |  26.3
     Lair:5 |    8781 |     811 |   8.5 |      38 |       5 |  11.6
     Lair:6 |    4487 |    7742 |  63.3 |      20 |      28 |  58.3
    Swamp:1 |   12571 |       0 |   0.0 |      25 |       0 |   0.0
    Swamp:2 |    7536 |       0 |   0.0 |      19 |       0 |   0.0
    Swamp:3 |    8766 |    8170 |  48.2 |      24 |      35 |  59.3
    Swamp:4 |   18817 |   21212 |  53.0 |      42 |      35 |  45.5
    Snake:1 |   11702 |    5572 |  32.3 |      24 |       2 |   7.7
    Snake:2 |   17732 |    4050 |  18.6 |      37 |      12 |  24.5
    Snake:3 |   17440 |    2475 |  12.4 |      50 |       7 |  12.3
    Snake:4 |   15516 |   33740 |  68.5 |      28 |      49 |  63.6
    Slime:1 |    4273 |       0 |   0.0 |       4 |       0 |   0.0
    Slime:2 |    8106 |    1303 |  13.8 |      21 |       2 |   8.7
    Slime:3 |   11801 |       0 |   0.0 |      13 |       0 |   0.0
    Slime:4 |    6445 |       0 |   0.0 |       5 |       0 |   0.0
    Slime:5 |   13002 |   25900 |  66.6 |      26 |      14 |  35.0
      Orc:1 |    1550 |       0 |   0.0 |       9 |       0 |   0.0
      Orc:2 |    5307 |    8910 |  62.7 |      54 |      35 |  39.3
      Elf:1 |   20581 |    7499 |  26.7 |      32 |      27 |  45.8
      Elf:2 |   15816 |   24999 |  61.2 |      30 |      30 |  50.0
      Elf:3 |   14178 |   37767 |  72.7 |      29 |      30 |  50.8
   Vaults:1 |   29026 |   25985 |  47.2 |      55 |      26 |  32.1
   Vaults:2 |   15553 |   28111 |  64.4 |      41 |      28 |  40.6
   Vaults:3 |   25553 |   23066 |  47.4 |      39 |      25 |  39.1
   Vaults:4 |   37885 |   10212 |  21.2 |      55 |      12 |  17.9
   Vaults:5 |   36749 |  153687 |  80.7 |      61 |      94 |  60.6
    Crypt:1 |   22542 |   13949 |  38.2 |      41 |      15 |  26.8
    Crypt:2 |   28630 |       0 |   0.0 |      41 |       0 |   0.0
    Crypt:3 |   15272 |   32004 |  67.7 |      25 |      74 |  74.7
   Depths:1 |    8003 |   13916 |  63.5 |      14 |       9 |  39.1
   Depths:2 |   29271 |   21354 |  42.2 |      41 |      22 |  34.9
   Depths:3 |   28365 |   11120 |  28.2 |      40 |       7 |  14.9
   Depths:4 |   31999 |   41446 |  56.4 |      37 |      28 |  43.1
   Depths:5 |   40362 |   23141 |  36.4 |      30 |      17 |  36.2
    Abyss:2 |   53223 |       0 |   0.0 |     108 |       0 |   0.0
    Abyss:3 |    5312 |   13319 |  71.5 |       9 |      15 |  62.5
        Pan |  661440 |  378127 |  36.4 |     769 |     340 |  30.7
            +---------+---------+-------+---------+---------+-------
